 Dungeon Crawl Stone Soup version 0.24.1-14-gf8d2b509d9 (webtiles) character file.

Game seed: 13265477410701767002, levelgen mode: deterministic

17957538 Nebukadnezar the Petrodigitator (level 27, 270/270 HPs)
             Began as a Troll Transmuter on Oct 26, 2020.
             Was the Champion of the Shining One.
             Escaped with the Orb
             ... and 15 runes on Oct 27, 2020!
             The game lasted 10:43:30 (86155 turns).

Nebukadnezar the Petrodigitator (Troll Transmuter) Turns: 86155, Time: 10:43:30

Health: 270/270    AC: 27    Str: 28      XL:     27
Magic:  45/45      EV: 12    Int: 17 (18) God:    the Shining One [******]
Gold:   5366       SH: 33    Dex: 11 (13) Spells: 13/55 levels left

rFire    + . .     SeeInvis +     - Unarmed
rCold    + . .     Gourm    +   z - +7 large shield of the Mind {+Inv Dex+3}
rNeg     + + +     Faith    .   J - +5 pearl dragon scales of Dedot {+Inv rElec rN+ Slay+2}
rPois    +         Spirit   .   n - +0 hat "Zibeckiula" {MR+}
rElec    +         Reflect  +   p - scarf {rC+ rF+}
rCorr    .         Harm     .   (gloves unavailable)
MR       +++++                  (boots unavailable)
Stlth    +.........             M - +5 amulet of reflection
HPRegen  0.95/turn              d - ring "Tuhi" {*Drain rN+ MR+ SInv}
MPRegen  0.29/turn              H - ring "Zeugujil" {+Inv rPois Str+2 Slay+5 Stlth-}

@: hasted, glowing, very quick
A: large, unfitting armour, claws 3, yellow scales 1, fast metabolism 3, frail
1, gourmand, high mp 1, magic resistance 1, regeneration 1, shaggy fur 2, tough
skin 3
0: Orb of Zot
}: 15/15 runes: barnacled, slimy, silver, golden, iron, obsidian, icy, bone,
abyssal, demonic, glowing, magical, fiery, dark, gossamer
a: Divine Shield, Cleansing Flame, Summon Divine Warrior, Brand Weapon With Holy
Wrath, Renounce Religion, Evoke Invisibility


You escaped.
You worshipped the Shining One.
The Shining One was exalted by your worship.
You were not hungry.

You visited 18 branches of the dungeon, and saw 88 of its levels.
You visited Pandemonium 1 time, and saw 44 of its levels.
You visited the Abyss 2 times.
You visited 1 bazaar.
You also visited: Sewer and Gauntlet.

You collected 12964 gold pieces.
You spent 7598 gold pieces at shops.

Inventory:

Missiles
 a - 8 boomerangs of dispersal
 y - 83 javelins
 D - 15 silver javelins (quivered)
 O - 124 large rocks
 T - 27 throwing nets
Armour
 n - the +0 hat "Zibeckiula" (worn) {MR+}
   (You found it on level 3 of the Vaults)

   It affects your resistance to hostile enchantments.
 p - a scarf of resistance (worn)
 z - the +7 large shield of the Mind (worn) {+Inv Dex+3}
   (You acquired it on level 1 of the Lair of Beasts)

   It affects your dexterity (+3).
   It lets you turn invisible.
 J - the +5 pearl dragon scales of Dedot (worn) {+Inv rElec rN+ Slay+2}
   (Okawaru gifted it to you on level 2 of the Realm of Zot)

   It affects your accuracy and damage with ranged weapons and melee attacks
   (+2).
   It insulates you from electricity.
   It protects you from negative energy.
   It lets you turn invisible.
Magical Staves
 U - an uncursed staff of wizardry
 Y - an uncursed staff of power
Jewellery
 d - the ring "Tuhi" (left claw) {*Drain rN+ MR+ SInv}
   (You bought it in a shop on level 2 of the Orcish Mines)

   [ring of protection from magic]

   It protects you from negative energy.
   It affects your resistance to hostile enchantments.
   It lets you see invisible.
   It causes draining when unequipped.
 H - the ring "Zeugujil" (right claw) {+Inv rPois Str+2 Slay+5 Stlth-}
   (You bought it in a shop on level 4 of the Vaults)

   [ring of strength]

   It affects your strength (+2).
   It affects your accuracy and damage with ranged weapons and melee attacks
   (+5).
   It protects you from poison.
   It lets you turn invisible.
   It makes you less stealthy.
 M - a +5 amulet of reflection (around neck)
Wands
 b - a wand of iceblast (38)
 g - a wand of acid (57)
 i - a wand of paralysis (2)
 B - a wand of digging (34)
 Q - a wand of enslavement (15)
 W - a wand of disintegration (29)
Scrolls
 o - 18 scrolls of fog
 q - 33 scrolls of teleportation
 r - 2 scrolls of remove curse
 A - 4 scrolls of summoning
 G - 7 scrolls of blinking
 R - 45 scrolls of identify
 Z - 2 scrolls of silence
Potions
 c - 2 potions of cancellation
 h - 6 potions of magic
 l - 9 potions of berserk rage
 m - 13 potions of heal wounds
 t - 9 potions of brilliance
 u - 12 potions of ambrosia
 v - 6 potions of lignification
 C - 7 potions of agility
 F - 19 potions of curing
 K - 2 potions of haste
 L - 5 potions of might
 S - 4 potions of resistance
Miscellaneous
 j - a lamp of fire
 k - a figurine of a ziggurat
 s - 3 boxes of beasts
 w - a fan of gales
 x - a phial of floods
 N - 3 sacks of spiders
 P - 7 phantom mirrors
Comestibles
 f - 37 rations


   Skills:
 + Level 22.2 Fighting
 - Level 15.0 Throwing
 - Level 11.0 Armour
 - Level 10.0 Dodging
 - Level 10.0 Stealth
 - Level 15.0 Shields
 - Level 26.4 Unarmed Combat
 - Level 14.8 Spellcasting
 - Level 9.0 Summonings
 - Level 8.0 Translocations
 - Level 6.0 Transmutations
 - Level 3.0 Air Magic
 O Level 27 Earth Magic
 - Level 18.0 Invocations
 - Level 10.0 Evocations


You had 13 spell levels left.
You knew the following spells:

 Your Spells              Type           Power        Failure   Level  Hunger
a - Apportation           Tloc           #####.       1%          1    None
b - Blink                 Tloc           N/A          1%          2    None
c - Statue Form           Tmut/Erth      ######...    1%          6    #####..
d - Sticks to Snakes      Tmut           ####....     1%          2    None
f - Summon Butterflies    Summ           #####...     1%          1    None
g - Passage of Golubria   Tloc           N/A          4%          4    None
h - Lesser Beckoning      Tloc           #####.....   1%          3    None
j - Aura of Abjuration    Summ           #####.....   8%          5    ####...
l - Summon Lightning Spi  Summ/Air       ####....     10%         4    None
p - Portal Projectile     Hex/Tloc       ####..       6%          3    None
t - Shatter               Erth           #######...   17%         9    #######
w - Passwall              Tmut/Erth      ######..     1%          2    None

Your spell library contained the following spells:

 Spells                   Type           Power        Failure   Level  Hunger
 Sandblast                Erth           ######       0%          1    None
 Lee's Rapid Deconstruct  Erth           #######...   0%          5    ####...
 Beastly Appendage        Tmut           ####..       1%          1    None
 Summon Small Mammal      Summ           ####         1%          1    None
 Call Imp                 Summ           #####...     1%          2    None
 Call Canine Familiar     Summ           #####...     1%          3    None
 Gell's Gravitas          Tloc           #####.....   1%          3    None
 Recall                   Summ/Tloc      N/A          1%          3    None
 Stone Arrow              Conj/Erth      ######       1%          3    None
 Teleport Other           Tloc           #####...     1%          3    None
 Leda's Liquefaction      Hex/Erth       ######....   1%          4    None
 Petrify                  Tmut/Erth      ######..     1%          4    None
 Borgnjor's Vile Clutch   Necr/Erth      ######....   1%          5    ####...
 Shroud of Golubria       Chrm/Tloc      ####..       3%          2    None
 Summon Guardian Golem    Hex/Summ       ####....     5%          3    None
 Shock                    Conj/Air       ###.         6%          1    None
 Iron Shot                Conj/Erth      ######....   7%          6    #####..
 Bolt of Magma            Conj/Fire/Erth #####.....   8%          5    ####...
 Summon Demon             Summ           #####.....   8%          5    ####...
 Poisonous Vapours        Pois/Air       ###...       9%          2    None
 Swiftness                Chrm/Air       ###.....     9%          2    None
 Spider Form              Tmut/Pois      ###.......   10%         3    None
 Summon Forest            Summ/Tloc      #####.....   10%         5    ####...
 Animate Skeleton         Necr           N/A          11%         1    None
 Confusing Touch          Hex            ##....       11%         1    None
 Corona                   Hex            ##.....      11%         1    None
 Flame Tongue             Conj/Fire      ##...        11%         1    None
 Freeze                   Ice            ##..         11%         1    None
 Infusion                 Chrm           ##..         11%         1    None
 Magic Dart               Conj           ##..         11%         1    None
 Pain                     Necr           ##..         11%         1    None
 Sting                    Conj/Pois      ##..         11%         1    None
 Ignite Poison            Fire/Tmut/Pois ###.....     14%         3    None
 Corpse Rot               Necr           N/A          17%         2    None
 Ensorcelled Hibernation  Hex/Ice        ##....       17%         2    None
 Searing Ray              Conj           ##....       17%         2    None
 Slow                     Hex            ##......     17%         2    None
 Song of Slaying          Chrm           ##......     17%         2    None
 Sublimation of Blood     Necr           ##........   17%         2    None
 Throw Flame              Conj/Fire      ##....       17%         2    None
 Throw Frost              Conj/Ice       ##....       17%         2    None
 Summon Ice Beast         Ice/Summ       ####....     17%         4    None
 Static Discharge         Conj/Air       ###.....     19%         3    None
 Mephitic Cloud           Conj/Pois/Air  ###.....     22%         3    None
 Force Lance              Conj/Tloc      ####....     22%         4    None
 Blade Hands              Tmut           ####......   26%         5    ####...
 Confuse                  Hex            ##......     32%         3    None
 Conjure Flame            Conj/Fire      ##......     32%         3    None
 Dazzling Spray           Conj/Hex       ##....       32%         3    None
 Inner Flame              Hex/Fire       ##......     32%         3    None
 Ozocubu's Armour         Chrm/Ice       ##......     32%         3    None
 Regeneration             Chrm/Necr      ##........   32%         3    None
 Spectral Weapon          Hex/Chrm       ##......     32%         3    None
 Tukima's Dance           Hex            ##......     32%         3    None
 Vampiric Draining        Necr           ##........   32%         3    None
 Airstrike                Air            ###.......   32%         4    None
 Ice Form                 Ice/Tmut       ###.....     32%         4    None
 Shadow Creatures         Summ           N/A          38%         6    #####..
 Summon Mana Viper        Hex/Summ       ####....     43%         5    ####...
 Dispersal                Tloc           #####.....   54%         6    #####..
 Alistair's Intoxication  Tmut/Pois      ###.....     65%         5    ####...
 Irradiate                Conj/Tmut      ###.......   65%         5    ####...
 Yara's Violent Unravell  Hex/Tmut       ###.......   65%         5    ####...
 Animate Dead             Necr           N/A          73%         4    None
 Cause Fear               Hex            ##........   73%         4    None
 Fulminant Prism          Conj/Hex       ##........   73%         4    None
 Iskenderun's Mystic Bla  Conj           ##......     73%         4    None
 Olgreb's Toxic Radiance  Pois           ##......     73%         4    None
 Sticky Flame             Conj/Fire      ##......     73%         4    None
 Throw Icicle             Conj/Ice       ##......     73%         4    None
 Hydra Form               Tmut           ####......   80%         6    #####..
 Lightning Bolt           Conj/Air       ###.......   86%         5    ####...
 Silence                  Hex/Air        ###.......   86%         5    ####...
 Summon Hydra             Summ           #####.....   93%         7    #######
 Excruciating Wounds      Chrm/Necr      ##........   97%         5    ####...
 Fireball                 Conj/Fire      ##........   97%         5    ####...
 Iskenderun's Battlesphe  Conj/Chrm      ##......     97%         5    ####...
 Metabolic Englaciation   Hex/Ice        ##........   97%         5    ####...
 Venom Bolt               Conj/Pois      ##........   97%         5    ####...
 Bolt of Fire             Conj/Fire      ##........   100%        6    #####..
 Conjure Ball Lightning   Conj/Air       ###.......   100%        6    #####..
 Darkness                 Hex            ##........   100%        6    #####..
 Death Channel            Necr           ##........   100%        6    #####..
 Deflect Missiles         Chrm/Air       ###.......   100%        6    #####..
 Invisibility             Hex            ##......     100%        6    #####..
 Simulacrum               Ice/Necr       ##........   100%        6    #####..
 Dragon Form              Tmut           ####......   100%        7    #######
 Haunt                    Necr/Summ      ####......   100%        7    #######
 Borgnjor's Revivificati  Necr           ##........   100%        8    #######
 Controlled Blink         Tloc           N/A          100%        8    #######
 Death's Door             Chrm/Necr      ##........   100%        8    #######
 Discord                  Hex            ##........   100%        8    #######
 Disjunction              Tloc           #####.....   100%        8    #######
 Ignition                 Fire           ##........   100%        8    #######
 Infestation              Necr           ##........   100%        8    #######
 Necromutation            Tmut/Necr      ###.......   100%        8    #######
 Dragon's Call            Summ           #####.....   100%        9    #######
 Tornado                  Air            ###.......   100%        9    #######


Dungeon Overview and Level Annotations

Branches:
Dungeon (15/15)            Temple (1/1) D:7            Lair (6/6) D:10
 Shoals (4/4) Lair:2       Spider (4/4) Lair:3        Slime (5/5) Lair:5
    Orc (2/2) D:9             Elf (3/3) Orc:2        Vaults (5/5) D:14
  Crypt (3/3) Vaults:2       Tomb (3/3) Crypt:3      Depths (5/5) D:15
   Hell (visited)             Dis (7/7) Hell            Geh (7/7) Hell
    Coc (7/7) Hell            Tar (7/7) Hell            Zot (5/5) Depths:5
  Sewer (visited)         Gauntlet (visited)

Altars:
Ashenzari
Cheibriados
Dithmenos
Elyvilon
Fedhas
Gozag
Hepliaklqana
Kikubaaqudgha
Makhleb
Nemelex Xobeh
Okawaru
Qazlal
Ru
Sif Muna
Trog
Uskayaw
Vehumet
Wu Jian
Xom
Yredelemnul
Zin
The Shining One
Beogh
Jiyva

Shops:
D:4 [:=%   D:9 (   D:12 [=(}=   D:14 *   Orc:2 (:%=:   Elf:3 }   Vaults:1 [
Vaults:3 ???(   Vaults:4 ?}(=?   Depths:1 =   Depths:4 }==   Depths:5 *:

Portals:
Hell: Depths:1 Depths:2 Depths:3 Depths:4 Depths:5
Abyss: Depths:4 Depths:5
Pandemonium: Depths:3
Ziggurat: Depths:1
Trove: Depths:2 (give 5 potions of resistance)


Innate Abilities, Weirdness & Mutations

You are too large for most types of armour.
You have claws for hands.
Your metabolism is lightning-fast.
You like to eat raw meat.
Your natural rate of healing is unusually fast.
You are covered in thick fur. (AC +2)
You have extremely tough skin. (AC +3)
You are partially covered in yellow scales. (AC +2)
You are frail. (-10% HP)
You have an increased reservoir of magic. (+10% MP)
You are resistant to hostile enchantments. (MR+)


Message History

You feel yourself speed up.
(D) Dungeon (T) Temple (L) Lair (A) Shoals (N) Spider Nest (M) Slime Pits (O) Orcish Mines (E) Elven Halls (V) Vaults (C) Crypt (W) Tomb (U) Depths (H) Hell (I) Dis (G) Gehenna (X) Cocytus (Y) Tartarus (Z) Zot
Where to? (Enter - D:1 @ (x,y), ? - help)
A red devil comes into view. It is wielding a +0 trident.
You see here a whip.
You block the red devil's attack.
The red devil hops backward while attacking.
You block the red devil's attack.
You claw the red devil!
The red devil is moderately wounded.
The red devil misses you.
You eviscerate the red devil!!!
You kill the red devil!
The Shining One accepts your kill.
There is a staircase leading out of the dungeon here.
You have escaped!

#####. ####.....
####.)......
###...........
##.............
##)......)######
##.....#####
##...#### #@.###
####


There were no monsters in sight!

Vanquished Creatures
  Cerebov (Pan)
  Antaeus (Coc:7)
  the Royal Jelly (Slime:5)
  Gloorx Vloq (Pan)
  Ereshkigal (Tar:7)
  Mnoleg (Pan)
  Lom Lobon (Pan)
  5 orbs of fire (Zot:5)
  Dispater (Dis:7)
  Mara (Depths:3)
  Khufu (Crypt:1)
  11 ancient liches
  Mennas (Depths:3)
  35 greater mummies
  The ghost of corvin the Brawler, a veteran TrBe of Trog (Vaults:3)
  Bai Suzhen (Depths:1)
  A shard shrike (Coc:7)
  3 Killer Klowns (Zot:5)
  Margery (Depths:1)
  Saint Roka (Vaults:4)
  6 caustic shrikes
  A curse toe (Zot:5)
  Geryon (Hell)
  Nikola (Vaults:3)
  Jory (Crypt:2)
  8 golden dragons
  4 pandemonium lords (Pan)
  7 bone dragons
  A profane servitor (Abyss:2)
  20 Tzitzimimeh
  An iron giant (Dis:7)
  5 doom hounds
  15 tentacled monstrosities
  4 electric golems
  Jorgrun (D:14)
  3 hellephants
  12 Brimstone Fiends
  14 Ice Fiends
  8 Hell Sentinels
  Rupert (D:15)
  26 Orb Guardians
  3 deep elf master archers
  The ghost of Yloucecuu the Ninja, a veteran SpEn of Dithmenos (Vaults:4)
  7 quicksilver dragons
  14 liches
  5 deep elf blademasters
  23 titans
  7 tentacled starspawn
  22 ancient champions
  An eldritch tentacle (Dis:6)
  A kraken (Shoals:4)
  9 death cobs
  11 sphinxes
  29 Executioners
  19 acid blobs
  17 shadow dragons
  Agnes (Elf:1)
  8 tengu reavers
  11 storm dragons
  Kirke (D:15)
  27 fire giants
  2 draconian scorchers
  6 draconian monks
  6 azure jellies
  6 revenants
  3 orc warlords
  9 blood saints (Pan)
  18 frost giants
  34 balrugs
  4 draconian knights
  19 cacodemons
  7 ghost moths
  3 iron dragons
  7 emperor scorpions
  4 draconian stormcallers
  8 deep elf sorcerers
  15 warmongers (Pan)
  12 ghouls
  An angel (Pan)
  3 deep elf elementalists
  4 elemental wellsprings (Coc:7)
  63 reapers
  2 draconian shifters
  7 curse skulls
  14 war gargoyles
  16 vault wardens
  A spriggan defender (Depths:3)
  10 very ugly things
  8 draconian annihilators
  8 black suns (Pan)
  14 ironheart preservers
  25 stone giants
  8 bennus
  11 entropy weavers
  17 vampire knights
  7 lorocyprocas
  7 green draconians
  4 corrupters (Pan)
  14 deep elf annihilators
  10 black draconians
  10 deep elf demonologists
  6 white draconians
  The ghost of Aradir the Cleaver, a journeyman TrGl of Uskayaw (Spider:1)
  9 yellow draconians
  A minotaur (Gauntlet)
  10 red draconians
  A dire elephant (Abyss:3)
  11 purple draconians
  9 spark wasps
  5 merfolk javelineers
  4 eidola
  12 deep elf death magi
  19 ettins
  8 fire dragons
  11 merfolk impalers
  34 blizzard demons
  15 green deaths
  26 mummy priests
  3 death oozes (Slime:5)
  16 jiangshi
  7 deep elf high priests
  3 quicksilver dragon zombies
  13 great orbs of eyes
  17 yaktaur captains
  8 quicksilver dragon skeletons
  A kraken zombie (Hell)
  11 rakshasas
  The ghost of Jafrial the Basher, a journeyman MiFi of Okawaru (D:12)
  12 ogre magi
  39 vault guards
  25 ice dragons
  13 monstrous demonspawn (Pan)
  9 hydras
  4 death knights
  6 centaur warriors
  A shambling mangrove (Abyss:3)
  A ghost crab (Tar:5)
  2 catoblepae
  5 spriggan air magi
  2 merfolk avatars
  7 merfolk aquamancers
  2 satyrs
  3 alligator snapping turtles (Shoals:4)
  3 hell beasts (Pan)
  33 dancing weapons
  A queen ant (Spider:3)
  44 two-headed ogres
  21 hell hogs
  81 death scarabs (Tomb:3)
  7 deep troll shamans
  7 death yaks
  5 deep troll earth magi
  6 tengu warriors
  An orc high priest (Orc:2)
  9 vampire magi
  7 spriggan berserkers
  4 thrashing horrors (Abyss:3)
  3 wretched stars (Abyss:3)
  An iron golem (Hell)
  28 soul eaters
  6 storm dragon zombies
  5 titan zombies
  3 shock serpents (Pan)
  49 sun demons
  A fire crab (Gauntlet)
  A cherub (Pan)
  2 spriggans (Depths:4)
  30 deep elf knights
  115 skeletal warriors
  5 iron trolls
  20 sixfirhies
  52 hell knights
  12 shadow wraiths
  An iron giant zombie (Crypt:1)
  A fire crab (shapeshifter) (Elf:1)
  3 titan skeletons
  5 anaconda zombies
  5 storm dragon skeletons
  4 glowing orange brains
  7 wizards
  3 unseen horrors
  6 sea snakes
  An unseen horror (shapeshifter) (Vaults:3)
  8 infernal demonspawn (Pan)
  25 shadow demons
  10 torturous demonspawn (Pan)
  A ghost moth zombie (Dis:7)
  A swamp dragon (Abyss:3)
  2 kraken simulacra
  2 obsidian statues
  23 deep elf archers
  3 golden dragon zombies
  19 ironbrand convokers
  14 deep trolls
  A lindwurm (Lair:6)
  9 flayed ghosts
  8 gelid demonspawn (Pan)
  2 harpies (shapeshifter)
  20 harpies
  4 anaconda skeletons
  An orange crystal statue (Elf:2)
  24 wolf spiders
  A golden dragon skeleton (Crypt:3)
  A tengu zombie (Vaults:1)
  2 iron dragon zombies
  4 shadow dragon skeletons
  5 shadow dragon zombies
  8 orc knights
  22 phantasmal warriors
  A sphinx zombie (Crypt:3)
  88 deep elf magi
  An orb spider (shapeshifter) (Vaults:5)
  21 necromancers
  3 wolf spider zombies
  14 fire giant zombies
  11 orc sorcerers
  16 orb spiders
  17 fauns
  7 frost giant zombies
  7 cyclopes
  5 stone giant zombies
  3 iron dragon skeletons
  A salamander (shapeshifter) (Vaults:2)
  7 shining eyes
  5 fire giant skeletons
  A moth of wrath (shapeshifter) (Vaults:5)
  24 moths of wrath
  A salamander (Geh:7)
  15 manticores
  8 worldbinders
  38 ugly things
  20 elephants
  5 molten gargoyles
  12 merfolk sirens
  31 starcursed masses
  3 guardian serpents (Abyss:3)
  27 rust devils
  21 vault sentinels
  4 frost giant skeletons
  4 black mambas
  2 ice statues (Coc:7)
  6 water nymphs
  2 apocalypse crabs (Abyss:3)
  Psyche (D:8)
  5 dire elephant zombies
  5 stone giant skeletons
  2 gargoyles
  An eye of devastation (Slime:1)
  27 orange demons
  A storm dragon simulacrum (Vaults:3)
  2 titan simulacra (Crypt:3)
  2 spiny frogs (shapeshifter)
  4 yaktaur zombies
  5 shock serpent skeletons
  7 dire elephant skeletons
  38 smoke demons
  2 emperor scorpion zombies
  3 torpor snails
  7 spiny frogs
  A red draconian zombie (Crypt:1)
  5 komodo dragons
  A catoblepas zombie (Crypt:2)
  3 kobold demonologists (D:12)
  A white draconian zombie (Crypt:3)
  21 freezing wraiths
  24 hellions
  16 hellwings
  A yaktaur skeleton (Vaults:1)
  23 ice devils
  2 efreet
  2 komodo dragons (shapeshifter)
  23 demonic crawlers
  A redback zombie (D:14)
  4 rime drakes
  38 red devils
  A merfolk (shapeshifter) (Vaults:5)
  A purple draconian skeleton (Crypt:2)
  A black draconian skeleton (Crypt:2)
  10 tengu conjurers
  25 tormentors
  32 yaktaurs
  A death yak skeleton (Crypt:2)
  A queen bee (shapeshifter) (Depths:1)
  A sea snake skeleton (Crypt:3)
  2 silent spectres
  7 ancient zymes
  3 polar bears
  45 guardian mummies
  A wind drake (shapeshifter) (Vaults:1)
  11 hornets
  29 jumping spiders
  8 wind drakes
  7 hydra zombies
  A shadow dragon simulacrum (Vaults:3)
  A meliai (D:14)
  A moth of wrath zombie (Crypt:3)
  2 tengu simulacra
  4 hydra skeletons
  9 trolls
  A troll (shapeshifter) (Vaults:3)
  A slime creature (shapeshifter) (Vaults:5)
  21 blink frogs
  6 dream sheep
  3 fire dragon zombies
  34 merfolk
  2 alligator zombies
  9 hippogriffs
  A harpy skeleton (Tar:1)
  8 bog bodies
  17 raiju
  60 slime creatures
  4 ice dragon zombies
  4 ettin zombies
  2 centaur simulacra
  28 water elementals
  5 alligator skeletons
  A frost giant simulacrum (Hell)
  2 ice dragon skeletons (Tar:7)
  An air elemental (Elf:3)
  68 flying skulls
  41 shadows
  9 snapping turtles
  A tarantella (shapeshifter) (Vaults:1)
  77 redbacks
  A spriggan (shapeshifter) (Depths:2)
  48 yaks
  4 ettin skeletons
  23 wraiths
  29 tarantellas
  5 fire dragon skeletons
  22 ynoxinuls
  A fire giant simulacrum (Tar:1)
  A yak (shapeshifter) (Vaults:5)
  A vampire (D:13)
  3 hogs
  5 fire bats
  3 wyverns
  A human (D:7)
  Grum (Lair:1)
  A wyvern (shapeshifter) (Vaults:1)
  9 ushabtiu
  2 black mamba skeletons
  21 fire elementals
  A golden eye (Abyss:3)
  40 large abominations
  5 basilisks
  17 chaos spawn
  10 neqoxecs
  5 vampire mosquitoes (D:15)
  3 hungry ghosts
  A steam dragon (shapeshifter) (Depths:2)
  A steam dragon (D:3)
  7 wargs
  A deep troll skeleton (Crypt:3)
  A torturous demonspawn zombie (Crypt:1)
  4 soldier ants
  3 acid dragons
  35 hell hounds
  A spiny frog zombie (Coc:7)
  A floating eye (shapeshifter) (Vaults:5)
  17 water moccasins
  4 porcupines
  4 eyes of draining
  A floating eye (Slime:4)
  46 orc warriors
  A black bear (D:11)
  A hornet zombie (D:14)
  3 sky beasts
  A black bear (shapeshifter) (Vaults:3)
  2 spiny frog skeletons
  An alligator simulacrum (Coc:4)
  An eye of draining (shapeshifter) (Vaults:4)
  An ice dragon simulacrum (Vaults:1)
  37 ogres
  4 phantoms
  8 ice beasts
  6 snapping turtle zombies
  A swamp dragon zombie (Geh:1)
  2 manticore zombies
  9 wolves
  A tengu (shapeshifter) (Vaults:4)
  16 boggarts
  22 centaurs
  13 necrophages
  8 crocodiles
  A lindwurm skeleton (Crypt:1)
  4 snapping turtle skeletons
  7 small abominations
  An octopode zombie (Crypt:3)
  2 elf zombies
  11 big kobolds (D:12)
  18 bullfrogs
  4 elf skeletons
  A spiny frog simulacrum (Coc:3)
  3 earth elementals
  8 jellies
  3 wyvern skeletons
  A scorpion (D:9)
  32 killer bees
  4 spriggan zombies
  2 troll zombies
  A snapping turtle simulacrum (Crypt:3)
  A spriggan skeleton (Coc:7)
  39 wights
  A polar bear skeleton (Crypt:1)
  An electric eel (Lair:1)
  3 howler monkeys
  13 crimson imps
  4 bullfrog zombies
  3 centaur zombies
  3 human zombies
  2 quasits (Abyss:3)
  2 wyvern simulacra (Gauntlet)
  A demonspawn zombie (Crypt:2)
  7 hounds
  2 bullfrog skeletons (D:12)
  34 orc priests
  Crazy Yiuf (D:7)
  6 centaur skeletons
  16 iron imps
  22 orc wizards
  3 hell rats (Hell)
  4 iguanas
  A worker ant (shapeshifter) (Vaults:5)
  21 worker ants
  2 killer bee zombies (D:5)
  An ogre zombie (D:9)
  A bullfrog simulacrum (Gauntlet)
  A felid skeleton (Crypt:3)
  4 naga skeletons
  An ogre skeleton (Tar:4)
  A human simulacrum (Coc:7)
  A hound skeleton (Crypt:2)
  38 mummies
  A worker ant zombie (D:11)
  17 adders
  3 river rats (Sewer)
  8 shadow imps
  3 white imps
  2 ufetubi (Abyss:2)
  2 oozes
  A halfling skeleton (Crypt:1)
  4 worms
  5 dart slugs
  11 leopard geckos
  83 orcs
  11 ball pythons
  5 bats
  8 giant cockroaches
  8 goblins
  11 hobgoblins
  4 jackals (D:2)
  6 quokkas
  7 frilled lizards
  10 kobolds
  A kobold skeleton (Coc:7)
  A kobold zombie (Dis:7)
  2 leopard gecko skeletons
  3 orc zombies
  36 rats
  2 fire vortices
  A fungus (Elf:1)
  11 plants
  5 starspawn tentacles
  3 tentacles (Shoals:4)
4529 creatures vanquished.

Vanquished Creatures (collateral kills)
  Asmodeus (Geh:7)
  2 pandemonium lords (Pan)
  A lich (Abyss:2)
  2 Brimstone Fiends (Pan)
  A Tzitzimitl (Coc:7)
  A Hell Sentinel (Pan)
  A deep elf master archer (Abyss:3)
  An eldritch tentacle (Pan)
  An Executioner (Pan)
  A death cob (Zot:2)
  A draconian monk (Zot:2)
  4 cacodemons (Pan)
  2 balrugs (Pan)
  A draconian stormcaller (Zot:2)
  2 very ugly things (Depths:2)
  A death ooze (Slime:5)
  2 soul eaters (Pan)
  6 sixfirhies (Pan)
  2 torturous demonspawn (Pan)
  4 hell knights
  A flayed ghost (Geh:7)
  A necromancer (Depths:2)
  A wolf spider zombie (Geh:7)
  An orb spider (Spider:4)
  A shining eye (Slime:5)
  A worldbinder (Abyss:3)
  A moth of wrath (Zot:2)
  2 smoke demons (Pan)
  2 orange demons (Pan)
  A hellion (Pan)
  An ice devil (Pan)
  3 hellwings (Pan)
  2 meliai (D:14)
  A red devil (D:8)
  3 jumping spiders (Spider:4)
  A raiju (Abyss:2)
  A slime creature (Slime:1)
  An ice dragon zombie (Tar:4)
  2 large abominations (Pan)
  6 chaos spawn
  13 neqoxecs
  3 small abominations (Abyss:2)
  A white imp (Abyss:3)
  2 fire vortices (Pan)
89 creatures vanquished.

Vanquished Creatures (others)
  3 deep elf master archers
  An eldritch tentacle (Geh:7)
  A pandemonium lord (Pan)
  A death cob (Zot:2)
  A draconian scorcher (Zot:3)
  A blood saint (Pan)
  5 stone giants
  2 spark wasps (Depths:2)
  2 blizzard demons
  3 yaktaur captains
  A rakshasa (Depths:2)
  3 centaur warriors
  A satyr (Shoals:3)
  A two-headed ogre (Depths:1)
  An ogre mage (Depths:1)
  5 deep elf archers
  A wolf spider zombie (Coc:7)
  An ironbrand convoker (Vaults:3)
  3 deep elf magi
  4 cyclopes
  6 fauns
  A stone giant zombie (Vaults:3)
  A vault sentinel (Vaults:3)
  10 yaktaurs
  A hellwing (Pan)
  2 merfolk
  A shadow dragon simulacrum (Vaults:3)
  A water elemental (Hell)
  A tarantella (Spider:4)
  A vampire (D:13)
  A chaos spawn (Pan)
  A golden eye (Abyss:2)
  A deep troll skeleton (Vaults:3)
  2 orc warriors
  5 centaurs
  An electric eel (Spider:4)
  An orc wizard (Orc:2)
  An iron imp (Dis:7)
  A hell rat (Hell)
  A mummy (Tomb:1)
  A white imp (Abyss:3)
  18 ball lightnings
  A fire vortex (Pan)
  5 fungi
  A lurking horror (Abyss:3)
  8 plants
  9 starspawn tentacles
  38 tentacles
162 creatures vanquished.

Grand Total: 4780 creatures vanquished

Notes
Turn   | Place    | Note
-------+----------+-------------------------------------------
     0 | D:1      | Nebukadnezar the Troll Transmuter began the quest for the
                  | Orb.
     0 | D:1      | Reached XP level 1. HP: 18/18 MP: 1/1
   134 | D:1      | Reached skill level 1 in Fighting
   168 | D:1      | Reached XP level 2. HP: 27/27 MP: 2/2
   172 | D:1      | Learned a level 2 spell: Sticks to Snakes
   894 | D:2      | Reached XP level 3. HP: 33/33 MP: 3/3
  1056 | D:2      | Reached XP level 4. HP: 33/41 MP: 2/4
  1460 | D:3      | Reached skill level 1 in Stealth
  1466 | D:3      | Found an iron altar of Okawaru.
  1477 | D:3      | Became a worshipper of Warmaster Okawaru
  1924 | D:3      | Noticed a steam dragon
  1942 | D:3      | Killed a steam dragon
  1942 | D:3      | Reached skill level 5 in Unarmed Combat
  1942 | D:3      | Reached XP level 5. HP: 35/50 MP: 3/5
  2018 | D:3      | Found a shattered altar of Ashenzari.
  2020 | D:3      | Found a hazy altar of Hepliaklqana.
  2024 | D:3      | Found a bloodstained altar of Trog.
  2134 | D:4      | Reached * piety under Okawaru
  2134 | D:4      | Reached XP level 6. HP: 59/59 MP: 6/6
  2175 | D:4      | Found Jariedue's Armour Emporium.
  2193 | D:4      | Found Daon's Book Shop.
  2212 | D:4      | Found Meymulic's Jewellery Shoppe.
  2283 | D:4      | Found a stormy altar of Qazlal.
  2330 | D:4      | Found a glowing drain.
  2346 | Sewer    | Entered a sewer
  2431 | Sewer    | Reached skill level 1 in Throwing
  2450 | Sewer    | Reached skill level 1 in Invocations
  2632 | Sewer    | Reached XP level 7. HP: 64/67 MP: 5/7
  3035 | D:4      | Found a burning altar of Makhleb.
  3036 | D:4      | Found a shimmering altar of Xom.
  3039 | D:4      | Reached skill level 1 in Evocations
  3111 | D:4      | Found Ahoogustod's Food Shop.
  3122 | D:4      | Reached ** piety under Okawaru
  3241 | D:4      | Reached XP level 8. HP: 75/75 MP: 8/8
  3369 | D:5      | Entered Level 5 of the Dungeon
  3538 | D:5      | Found a sacrificial altar of Ru.
  3658 | D:5      | Found a basalt altar of Yredelemnul.
  3845 | D:5      | Found an ornate altar of the Wu Jian Council.
  4622 | D:7      | Found a runed translucent door.
  4623 | D:7      | Noticed Crazy Yiuf
  4630 | D:7      | Killed Crazy Yiuf
  4795 | D:7      | Noticed a hornet
  4950 | D:7      | Reached *** piety under Okawaru
  4950 | D:7      | Reached XP level 9. HP: 63/83 MP: 10/10
  5006 | D:7      | Found a staircase to the Ecumenical Temple.
  5017 | Temple   | Entered the Ecumenical Temple
  5282 | D:7      | Noticed a moth of wrath
  5285 | D:7      | Found a bloodstained altar of Trog.
  5676 | D:8      | Noticed Psyche
  5690 | D:8      | Killed Psyche
  5690 | D:8      | Reached **** piety under Okawaru
  5690 | D:8      | Reached skill level 10 in Unarmed Combat
  5790 | D:8      | Reached skill level 1 in Armour
  5836 | D:8      | Found a radiant altar of Vehumet.
  6068 | D:8      | Reached XP level 10. HP: 87/93 MP: 10/12
  6073 | D:8      | Received a gift from Okawaru
  6325 | D:4      | Bought the ring "Xagar" {rC+ MR+ Int+2} for 561 gold pieces
  6468 | D:9      | Found a staircase to the Orcish Mines.
  6651 | D:9      | Found a white marble altar of Elyvilon.
  6726 | D:9      | Found a shadowy altar of Dithmenos.
  6783 | D:9      | Reached skill level 5 in Throwing
  6867 | D:9      | Found Qumur's Antique Weapon Shop.
  6959 | D:9      | Reached skill level 5 in Fighting
  6967 | D:9      | Reached ***** piety under Okawaru
  6967 | D:9      | Received a gift from Okawaru
  7066 | D:9      | Reached skill level 5 in Invocations
  7142 | D:9      | Found a basalt altar of Yredelemnul.
  7323 | D:10     | Entered Level 10 of the Dungeon
  7535 | D:10     | Received a gift from Okawaru
  7548 | D:10     | Reached XP level 11. HP: 101/105 MP: 13/13
  7559 | D:10     | Got a clouded bone ring
  7570 | D:10     | Identified the ring "Nuwnosatu" {+Fly MP+9 Dex+2} (You
                  | found it on level 10 of the Dungeon)
  7612 | D:10     | Received a gift from Okawaru
  7751 | D:10     | Found a staircase to the Lair.
  8047 | D:10     | Received a gift from Okawaru
  8525 | D:10     | Received a gift from Okawaru
  8875 | D:11     | Killed an unseen horror
  8936 | D:11     | Received a gift from Okawaru
  9295 | D:11     | Received a gift from Okawaru
  9538 | D:11     | Received a gift from Okawaru
  9686 | Lair:1   | Entered Level 1 of the Lair of Beasts
  9686 | Lair:1   | Noticed Grum
  9711 | Lair:1   | Killed Grum
 10117 | Lair:1   | Noticed a four-headed hydra
 10156 | Lair:1   | Reached XP level 12. HP: 108/119 MP: 12/14
 10326 | Lair:1   | Killed a four-headed hydra
 10468 | Lair:2   | Noticed a five-headed hydra
 10478 | Lair:2   | Killed a five-headed hydra
 10581 | Lair:2   | Received a gift from Okawaru
 10705 | Lair:2   | Noticed a six-headed hydra
 10714 | Lair:2   | Killed a six-headed hydra
 10845 | Lair:2   | Noticed an eight-headed hydra
 10853 | Lair:2   | Killed an eight-headed hydra
 10853 | Lair:2   | Received a gift from Okawaru
 11154 | Lair:2   | Found a staircase to the Shoals.
 11360 | Lair:3   | Noticed a death yak
 11366 | Lair:3   | Killed a death yak
 11369 | Lair:3   | Noticed a death yak
 11369 | Lair:3   | Noticed a death yak
 11372 | Lair:3   | Killed a death yak
 11376 | Lair:3   | Killed a death yak
 11487 | Lair:3   | Received a gift from Okawaru
 11643 | Lair:3   | Reached XP level 13. HP: 114/128 MP: 15/17
 11727 | Lair:3   | Found a hole to the Spider Nest.
 11789 | Lair:3   | Received a gift from Okawaru
 11789 | Lair:3   | Reached skill level 5 in Evocations
 11819 | Lair:3   | Got a bone rapier
 11995 | Lair:4   | Found an ancient bone altar of Kikubaaqudgha.
 12032 | Lair:4   | Received a gift from Okawaru
 12358 | Lair:5   | Found a gate leading to a gauntlet.
 12380 | Gauntlet | Entered a Gauntlet
 12380 | Gauntlet | Found a transporter.
 12380 | Gauntlet | Found a transporter.
 12380 | Gauntlet | Found a transporter.
 12401 | Gauntlet | Found a transporter.
 12414 | Gauntlet | Found a transporter.
 12417 | Gauntlet | Found a transporter.
 12429 | Gauntlet | Found a transporter.
 12445 | Gauntlet | Noticed a green death
 12448 | Gauntlet | Found a transporter.
 12452 | Gauntlet | Found a transporter.
 12455 | Gauntlet | Found a transporter.
 12457 | Gauntlet | Found a runed translucent gate.
 12457 | Gauntlet | Found a runed translucent gate.
 12457 | Gauntlet | Found a runed translucent gate.
 12463 | Gauntlet | Found a transporter.
 12466 | Gauntlet | Found a transporter.
 12633 | Gauntlet | Got a heavily runed granite ring
 12639 | Gauntlet | Identified the ring "Lorih" {rC- MR+ Str+3 Stlth+} (You
                  | found it in a Gauntlet)
 12677 | Gauntlet | Killed a green death
 12712 | Gauntlet | Got a sparkling tin ring
 12718 | Gauntlet | Got a vibrating golden ring
 12720 | Gauntlet | Identified the ring of the Townfolk {rC- rN+++ Int+5 Dex-5
                  | SInv} (You found it in a Gauntlet)
 12722 | Gauntlet | Identified the ring of Symmetry {Ice MR+ SInv} (You found
                  | it in a Gauntlet)
 12751 | Gauntlet | Identified the cursed +3 flail of the Boiling Point
                  | {freeze, rElec rPois rC+ rN+}
 12751 | Gauntlet | Noticed a minotaur
 12782 | Gauntlet | Killed a minotaur
 12801 | Gauntlet | Got a fabulously ornate robe
 12812 | Gauntlet | Identified the cursed +0 robe of Foolhardiness {MR++ Int+3}
                  | (You found it in a Gauntlet)
 13291 | Lair:5   | Found a staircase to the Slime Pits.
 13722 | Lair:6   | Entered Level 6 of the Lair of Beasts
 13839 | Lair:6   | Received a gift from Okawaru
 13842 | Lair:6   | Reached ****** piety under Okawaru
 13940 | Lair:6   | Got a faintly glowing triple crossbow {god gift}
 13994 | Lair:6   | Noticed Sonja
 14018 | Lair:6   | Noticed Sonja
 14018 | Lair:6   | Sonja changed into Sonja the sky beast
 14030 | Lair:6   | Killed Sonja the sky beast
 14235 | Lair:6   | Reached XP level 14. HP: 80/140 MP: 18/18
 14488 | Lair:6   | Received a gift from Okawaru
 14745 | Lair:6   | Received a gift from Okawaru
 14866 | Lair:6   | Got a dazzling shield
 14872 | Lair:6   | Identified the +5 shield of Wonder {rPois rCorr} (You found
                  | it on level 6 of the Lair of Beasts)
 14875 | Lair:6   | Identified the +9 triple crossbow of the Feather {flame,
                  | -Tele rF+ rN++} (Okawaru gifted it to you on level 6 of the
                  | Lair of Beasts)
 15066 | Lair:1   | Identified the +3 rapier "Nomeom" {pierce, +Blink rF- rN+
                  | Dex+7} (You found it on level 3 of the Lair of Beasts)
 15071 | Lair:1   | // shield ! :)
 15168 | D:12     | Found Becagit's Jewellery Shoppe.
 15343 | D:12     | Reached skill level 1 in Shields
 15370 | D:12     | Found Jedubor's Antique Armour Boutique.
 15449 | D:12     | Reached skill level 10 in Throwing
 15462 | D:12     | Found Tocir's Weapon Emporium.
 15493 | D:12     | Found Huyggoh's Gadget Boutique.
 15632 | D:12     | Found a runed translucent gate.
 15632 | D:12     | Found a runed translucent gate.
 15633 | D:12     | Found a runed translucent gate.
 15650 | D:12     | Found Xemny's Jewellery Emporium.
 15922 | D:12     | Noticed Jafrial's ghost (journeyman MiFi)
 16382 | D:13     | Reached skill level 10 in Fighting
 16640 | D:13     | You fall into a shaft and drop 2 floors!
 16640 | D:15     | Entered Level 15 of the Dungeon
 17222 | D:13     | Found a viscous altar of Jiyva.
 17672 | D:14     | Reached skill level 5 in Shields
 18197 | D:14     | Found a gate to the Vaults.
 18256 | D:14     | Received a gift from Okawaru
 18286 | D:14     | Noticed Jorgrun
 18303 | D:14     | Killed Jorgrun
 18303 | D:14     | Received a gift from Okawaru
 18303 | D:14     | Reached XP level 15. HP: 134/149 MP: 13/20
 18424 | D:14     | Found Bioc's Assorted Antiques.
 18719 | D:15     | Found a staircase to the Depths.
 18719 | D:15     | Noticed a fire giant
 18750 | D:15     | Killed a fire giant
 18846 | D:15     | Noticed Rupert
 18860 | D:15     | Killed Rupert
 18860 | D:15     | Reached skill level 5 in Armour
 18956 | D:15     | Got a brightly glowing pewter ring
 19019 | D:15     | Identified the ring of Juasiefi {Fire Str+3 Int+2 SInv}
                  | (You found it on level 15 of the Dungeon)
 19269 | D:15     | Paralysed by a wizard for 4 turns
 19286 | D:15     | Noticed Kirke
 19301 | D:15     | Killed Kirke
 19854 | Orc:1    | Entered Level 1 of the Orcish Mines
 19888 | Orc:1    | Found a roughly hewn altar of Beogh.
 20205 | Orc:1    | You fall into a shaft and drop 1 floor!
 20205 | Orc:2    | Entered Level 2 of the Orcish Mines
 20205 | Orc:2    | Found Leidi's Book Boutique.
 20205 | Orc:2    | Found Guaz's Jewellery Boutique.
 20226 | Orc:2    | Found Siocs's Antique Weapon Emporium.
 20294 | Orc:2    | Received a gift from Okawaru
 20436 | Orc:2    | Got a bloodstained fustibalus {god gift}
 20542 | Orc:2    | Found Tyesuso's Food Shop.
 20543 | Orc:2    | Found Otefe's Book Shop.
 20917 | Orc:2    | Found a staircase to the Elven Halls.
 21271 | Orc:1    | Noticed an orc warlord
 21272 | Orc:1    | Noticed an orc warlord
 21275 | Orc:1    | Killed an orc warlord
 21280 | Orc:1    | Killed an orc warlord
 21515 | Orc:1    | Got a shimmering sapphire amulet
 21516 | Orc:1    | Identified the Tome of Enhancements
 21849 | Orc:1    | Identified the amulet "Duixiheh" {Acrobat +Blink MR- MP+9}
                  | (You found it on level 1 of the Orcish Mines)
 22077 | D:12     | Killed Jafrial's ghost
 22157 | D:14     | Bought a scroll of identify for 64 gold pieces
 22157 | D:14     | Bought 2 scrolls of identify for 128 gold pieces
 22274 | Lair:1   | Identified a scroll of acquirement
 22275 | Lair:1   | Identified the +1 fustibalus of the Crushed Mice {freeze,
                  | Int+4} (Okawaru gifted it to you on level 2 of the Orcish
                  | Mines)
 22279 | Lair:1   | Got a twisted large shield
 22292 | Lair:1   | Identified the +7 large shield of the Mind {+Inv Dex+3}
                  | (You acquired it on level 1 of the Lair of Beasts)
 22399 | Spider:1 | Entered Level 1 of the Spider Nest
 22548 | Spider:1 | Noticed Aradir's ghost (journeyman TrGl)
 22680 | Spider:1 | Reached XP level 16. HP: 158/158 MP: 21/21
 22914 | Spider:1 | Got a pitted amethyst amulet
 23084 | Spider:1 | Found a runed translucent gate.
 23084 | Spider:1 | Found a runed translucent gate.
 23084 | Spider:1 | Found a runed translucent gate.
 23579 | Spider:1 | Identified the amulet of Entrepreneurial Spirit {Acrobat
                  | *Slow rPois rF++ rN+++ MP-9} (You found it on level 1 of
                  | the Spider Nest)
 23621 | Spider:1 | Killed Aradir's ghost
 23623 | Spider:1 | Reached skill level 5 in Dodging
 23652 | Spider:1 | Got a faintly glowing lajatang
 23788 | Spider:2 | Received a gift from Okawaru
 24450 | Spider:2 | Reached skill level 10 in Armour
 24653 | Spider:3 | Received a gift from Okawaru
 25630 | Spider:4 | Entered Level 4 of the Spider Nest
 25928 | Spider:4 | Reached XP level 17. HP: 100/166 MP: 22/22
 26044 | Spider:4 | Got a distressingly furry robe
 26058 | Spider:4 | Received a gift from Okawaru
 26724 | Spider:4 | Received a gift from Okawaru
 26819 | Spider:4 | Received a gift from Okawaru
 26993 | Spider:4 | Got a crude longbow {god gift}
 27014 | Spider:4 | Reached skill level 10 in Evocations
 27026 | Spider:4 | Got a gossamer rune of Zot
 27153 | Spider:3 | Identified the +1 robe of the Great Game {+Fly MP-9 Dex+3}
                  | (You found it on level 4 of the Spider Nest)
 27155 | Spider:3 | Identified the +2 hat of Ukke {rPois rC- SInv Stlth-}
                  | (Okawaru gifted it to you on level 3 of the Spider Nest)
 27583 | Shoals:1 | Entered Level 1 of the Shoals
 28304 | Shoals:2 | Received a gift from Okawaru
 29040 | Shoals:2 | Got a smoking quarterstaff
 29418 | Shoals:3 | Received a gift from Okawaru
 29477 | Shoals:3 | Reached XP level 18. HP: 154/176 MP: 21/24
 29848 | Shoals:3 | Identified the +5 quarterstaff of Qockosaj {speed, rPois
                  | Str+7} (You found it on level 2 of the Shoals)
 29952 | Shoals:4 | Entered Level 4 of the Shoals
 30249 | Shoals:4 | Reached skill level 10 in Shields
 30355 | Shoals:4 | Received a gift from Okawaru
 30425 | Shoals:4 | Got a barnacled rune of Zot
 30622 | Shoals:4 | Reached skill level 15 in Unarmed Combat
 30626 | Shoals:4 | Received a gift from Okawaru
 30655 | Shoals:4 | Identified the +4 animal skin "Qafal" {*Corrode rF+ Int+2}
                  | (Okawaru gifted it to you on level 4 of the Shoals)
 31272 | Orc:2    | Bought the ring "Tuhi" {*Drain rN+ MR+ SInv} for 556 gold
                  | pieces
 31508 | Vaults:1 | Entered Level 1 of the Vaults
 31567 | Vaults:1 | Reached skill level 10 in Dodging
 32402 | Vaults:1 | Found Haet's Antique Armour Shop.
 32483 | Vaults:1 | Learned a level 2 spell: Blink
 32487 | Vaults:1 | Learned a level 3 spell: Portal Projectile
 32490 | Vaults:1 | Learned a level 2 spell: Passwall
 32495 | Vaults:1 | Learned a level 4 spell: Summon Lightning Spire
 33178 | Vaults:2 | Found a staircase to the Crypt.
 33222 | Vaults:2 | Received a gift from Okawaru
 33225 | Vaults:2 | Got a twisted robe {god gift}
 33442 | Vaults:2 | Reached XP level 19. HP: 147/187 MP: 25/25
 35089 | Vaults:3 | Found Waruma's Magic Scroll Emporium.
 35106 | Vaults:3 | Bought a scroll of fear for 70 gold pieces
 35178 | Vaults:3 | Received a gift from Okawaru
 35337 | Vaults:3 | Received a gift from Okawaru
 35353 | Vaults:3 | Identified the +1 mace of the Grave {crush, rF- rN++ MP-9
                  | Str+2} (Okawaru gifted it to you on level 3 of the Vaults)
 35550 | Vaults:3 | Found Cesuss's Magic Scroll Shop.
 35807 | Vaults:3 | Found a runed translucent gate.
 35807 | Vaults:3 | Found a runed translucent gate.
 35807 | Vaults:3 | Found a runed translucent gate.
 35809 | Vaults:3 | Noticed corvin's ghost (veteran TrBe)
 35914 | Vaults:3 | Received a gift from Okawaru
 36047 | Vaults:3 | Received a gift from Okawaru
 36137 | Vaults:3 | Found Tixt's Weapon Shoppe.
 36183 | Vaults:3 | Noticed Nikola
 36203 | Vaults:3 | Killed Nikola
 36203 | Vaults:3 | Reached XP level 20. HP: 185/201 MP: 26/26
 36285 | Vaults:3 | Found Gestre's Magic Scroll Boutique.
 36298 | Vaults:3 | Received a gift from Okawaru
 36399 | Vaults:3 | Identified the +0 robe "Kiekle" {Regen+ Int+2 Slay+3}
                  | (Okawaru gifted it to you on level 2 of the Vaults)
 36469 | Vaults:4 | Received a gift from Okawaru
 36674 | Vaults:4 | Found Lihyfan's Gadget Shop.
 36709 | Vaults:4 | Received a gift from Okawaru
 36833 | Vaults:4 | Received a gift from Okawaru
 36967 | Vaults:4 | Found a runed translucent gate.
 36967 | Vaults:4 | Found a runed translucent gate.
 36967 | Vaults:4 | Found an opulent altar of Gozag.
 36967 | Vaults:4 | Found a runed translucent gate.
 36968 | Vaults:4 | Noticed Yloucecuu's ghost (veteran SpEn)
 37157 | Vaults:4 | Found Gyeq Roar's Magic Scroll Boutique.
 37623 | Vaults:4 | Found Ysammoer's Jewellery Shoppe.
 37665 | Vaults:4 | Found Tumeaff's Magic Scroll Emporium.
 37948 | Vaults:4 | Noticed Saint Roka
 37981 | Vaults:4 | Killed Saint Roka
 38101 | Vaults:4 | Found Wutauxko's Antique Weapon Shoppe.
 38746 | Vaults:3 | Killed corvin's ghost
 38746 | Vaults:3 | Received a gift from Okawaru
 38747 | Vaults:3 | Got a brightly glowing shield {god gift}
 38748 | Vaults:3 | Identified the +0 shield of the Moneychanger {rN++}
                  | (Okawaru gifted it to you on level 3 of the Vaults)
 38981 | Vaults:3 | Got a faintly humming hat
 38990 | Vaults:3 | Identified the +0 hat "Zibeckiula" {MR+} (You found it on
                  | level 3 of the Vaults)
 39116 | Vaults:4 | Killed Yloucecuu's ghost
 39567 | Elf:1    | Entered Level 1 of the Elven Halls
 39737 | Elf:1    | Reached XP level 21. HP: 197/214 MP: 27/27
 39789 | Elf:1    | Noticed Agnes
 39843 | Elf:1    | Killed Agnes
 39899 | Elf:1    | Identified the Incunabulum of Creation
 40090 | Elf:1    | You fall into a shaft and drop 1 floor!
 40125 | Elf:2    | Found a runed translucent gate.
 40125 | Elf:2    | Found a runed translucent gate.
 40125 | Elf:2    | Found a runed translucent gate.
 40527 | Elf:2    | Reached skill level 15 in Throwing
 40623 | Elf:2    | Received a gift from Okawaru
 40675 | Elf:2    | Received a gift from Okawaru
 41081 | Elf:2    | Found a radiant altar of Vehumet.
 41529 | Elf:3    | Entered Level 3 of the Elven Halls
 41650 | Elf:3    | Received a gift from Okawaru
 41657 | Elf:3    | Found Iffun's Gadget Boutique.
 42157 | Elf:3    | Identified the cursed +1 glaive "Qiuzaek" {flame, +Blink
                  | Dex+4 Stlth+}
 42157 | Elf:3    | Identified the +8 shortbow "Sareudof" {freeze, Dex+2}
 42493 | Elf:3    | Identified the cursed +1 plate armour of the Burgomaster
                  | {Dex+2 Stlth+}
 42496 | Elf:3    | Identified the ring "Unomep" {+Inv rCorr Str+2 Dex+3}
 42500 | Elf:3    | Reached skill level 15 in Fighting
 42798 | Elf:3    | Received a gift from Okawaru
 42966 | Elf:3    | Identified the +11 great sword of Hounebox {slice, +Rage
                  | Dex+4}
 43168 | Elf:1    | Reached XP level 22. HP: 220/227 MP: 28/28
 43504 | Elf:3    | Identified the ring "Tebbuk" {Ice *Slow Str+4 Int+4}
 43690 | Elf:3    | Got a smoking hunting sling
 43780 | Elf:3    | Received a gift from Okawaru
 44067 | Lair:1   | Identified the +9 hunting sling "Qitarph" {flame, rPois rC-
                  | rN+ Int+5} (You found it on level 3 of the Elven Halls)
 44096 | Lair:1   | Learned a level 6 spell: Statue Form
 44334 | Vaults:3 | Bought a scroll of acquirement for 1040 gold pieces
 44335 | Vaults:3 | Got a fine hat
 44336 | Vaults:3 | Identified the +0 hat "Xexicoun" {rN+ rCorr} (You acquired
                  | it on level 3 of the Vaults)
 44713 | Depths:1 | Entered Level 1 of the Depths
 44753 | Depths:1 | Noticed Bai Suzhen
 44775 | Depths:1 | Killed Bai Suzhen
 44775 | Depths:1 | Received a gift from Okawaru
 44848 | Depths:1 | Found an opulent altar of Gozag.
 44894 | Depths:1 | Noticed Margery
 44903 | Depths:1 | Killed Margery
 44917 | Depths:1 | Received a gift from Okawaru
 45056 | Depths:1 | Found a gateway to a ziggurat.
 45070 | Depths:1 | Found Jeptisidiu's Jewellery Shop.
 45103 | Depths:1 | Found a gateway to Hell.
 45463 | Depths:2 | Received a gift from Okawaru
 45472 | Depths:2 | Got a heavy robe {god gift}
 45575 | Depths:2 | Found a glowing golden altar of the Shining One.
 45868 | Depths:2 | Found a portal to a secret trove of treasure.
 46922 | Depths:3 | Reached XP level 23. HP: 238/241 MP: 29/29
 47291 | Depths:3 | Received a gift from Okawaru
 47455 | Depths:3 | Found a one-way gate leading to the halls of Pandemonium.
 47616 | Depths:3 | Noticed Mennas
 47643 | Depths:3 | Killed Mennas
 48246 | Depths:4 | Found a one-way gate to the infinite horrors of the Abyss.
 48268 | Depths:4 | Noticed a caustic shrike
 48274 | Depths:4 | Received a gift from Okawaru
 48292 | Depths:4 | Killed a caustic shrike
 48294 | Depths:4 | Received a gift from Okawaru
 48316 | Depths:4 | Noticed a caustic shrike
 48332 | Depths:4 | Killed a caustic shrike
 48338 | Depths:4 | Noticed Mara
 48340 | Depths:4 | Noticed Nebukadnezar's illusion
 48741 | Depths:3 | Killed Mara
 49194 | Depths:4 | Found Sareah's Gadget Shoppe.
 49194 | Depths:4 | Found Mamuto's Jewellery Shop.
 49196 | Depths:4 | Found Jatuc's Jewellery Shop.
 49211 | Depths:4 | Bought a wand of paralysis (2) for 48 gold pieces
 49397 | Depths:4 | Reached skill level 1 in Summonings
 49397 | Depths:4 | Reached skill level 1 in Translocations
 49534 | Depths:4 | Found the +8 glaive of the Guard {elec, +Rage AC+5 SInv}
 49731 | Depths:5 | Entered Level 5 of the Depths
 49733 | Depths:5 | Noticed a caustic shrike
 49733 | Depths:5 | Noticed a caustic shrike
 49733 | Depths:5 | Noticed a caustic shrike
 49733 | Depths:5 | Noticed a caustic shrike
 49752 | Depths:5 | Killed a caustic shrike
 49752 | Depths:5 | Killed a caustic shrike
 49752 | Depths:5 | Received a gift from Okawaru
 49759 | Depths:5 | Killed a caustic shrike
 49759 | Depths:5 | Reached skill level 1 in Air Magic
 49760 | Depths:5 | Killed a caustic shrike
 49829 | Depths:5 | Reached XP level 24. HP: 256/256 MP: 29/29
 49891 | Depths:5 | Found a flickering gateway to a bazaar.
 49899 | Bazaar   | Entered a bazaar
 49913 | Bazaar   | Found Guunoo Wula's Food Shoppe.
 49913 | Bazaar   | Found Coub's Magic Scroll Emporium.
 49918 | Bazaar   | Bought a scroll of acquirement for 520 gold pieces
 49918 | Bazaar   | Bought a scroll of vulnerability for 75 gold pieces
 49918 | Bazaar   | Bought a scroll of identify for 20 gold pieces
 49918 | Bazaar   | Bought a scroll of identify for 20 gold pieces
 49918 | Bazaar   | Bought a scroll of magic mapping for 35 gold pieces
 49918 | Bazaar   | Bought a scroll of identify for 20 gold pieces
 49918 | Bazaar   | Bought a scroll of magic mapping for 35 gold pieces
 49918 | Bazaar   | Bought a scroll of identify for 20 gold pieces
 49918 | Bazaar   | Bought a scroll of teleportation for 30 gold pieces
 49928 | Bazaar   | Bought a ration for 35 gold pieces
 49928 | Bazaar   | Bought a ration for 35 gold pieces
 49928 | Bazaar   | Bought a ration for 35 gold pieces
 49928 | Bazaar   | Bought a ration for 35 gold pieces
 49928 | Bazaar   | Bought a ration for 35 gold pieces
 49928 | Bazaar   | Bought a ration for 35 gold pieces
 49928 | Bazaar   | Bought a ration for 35 gold pieces
 49928 | Bazaar   | Bought a ration for 35 gold pieces
 49928 | Bazaar   | Bought a ration for 35 gold pieces
 49928 | Bazaar   | Bought a ration for 35 gold pieces
 49939 | Bazaar   | Found Sahoschef's Distillery.
 49939 | Bazaar   | Found Doechid's Weapon Emporium.
 49949 | Bazaar   | Bought a potion of magic for 72 gold pieces
 49949 | Bazaar   | Bought a potion of curing for 27 gold pieces
 49949 | Bazaar   | Bought a potion of curing for 27 gold pieces
 49949 | Bazaar   | Bought a potion of might for 36 gold pieces
 49949 | Bazaar   | Bought a potion of haste for 90 gold pieces
 49949 | Bazaar   | Bought a potion of haste for 90 gold pieces
 49949 | Bazaar   | Bought a potion of mutation for 72 gold pieces
 49949 | Bazaar   | Bought a potion of flight for 27 gold pieces
 49949 | Bazaar   | Bought a potion of brilliance for 36 gold pieces
 49960 | Bazaar   | Found Deirpham's Weapon Emporium.
 50556 | Depths:5 | Found Meij's Book Emporium.
 50556 | Depths:5 | Found Teca's General Store.
 50570 | Depths:5 | Bought a potion of mutation for 128 gold pieces
 50570 | Depths:5 | Bought a potion of curing for 48 gold pieces
 50570 | Depths:5 | Bought a ration for 80 gold pieces
 50783 | Depths:5 | Found a gate to the Realm of Zot.
 51232 | Lair:1   | Got a slimy cloak
 51233 | Lair:1   | Identified the +2 cloak "Enkaeciu" {Regen+ Str+3} (You
                  | acquired it on level 1 of the Lair of Beasts)
 51543 | Vaults:4 | Bought the ring "Zeugujil" {+Inv rPois Str+2 Slay+5 Stlth-}
                  | for 996 gold pieces
 52078 | Vaults:5 | Entered Level 5 of the Vaults
 52100 | Vaults:5 | Cast into level 2 of the Abyss (vault guard)
 52120 | Abyss:2  | Found a corrupted altar of Lugonu.
 52140 | Abyss:2  | Received a gift from Okawaru
 52142 | Abyss:2  | Got a jewelled shield {god gift}
 52382 | Abyss:3  | Gained mutation: You have supernaturally acute eyesight.
                  | (SInv) [a neqoxec]
 52522 | Vaults:5 | Escaped the Abyss
 52793 | Vaults:5 | Identified the cursed +1 battleaxe of the Beast {antimagic,
                  | Str+4}
 52794 | Vaults:5 | Reached skill level 10 in Invocations
 52808 | Vaults:5 | Reached skill level 5 in Summonings
 52808 | Vaults:5 | Reached skill level 5 in Translocations
 52907 | Vaults:5 | Reached skill level 5 in Spellcasting
 52938 | Vaults:5 | Received a gift from Okawaru
 52951 | Vaults:5 | Received a gift from Okawaru
 53036 | Vaults:5 | Reached XP level 25. HP: 265/265 MP: 30/30
 53097 | Vaults:5 | Received a gift from Okawaru
 53204 | Vaults:5 | Got a silver rune of Zot
 53699 | Vaults:5 | Noticed an ancient lich
 53713 | Vaults:5 | Killed an ancient lich
 54257 | Vaults:5 | Learned a level 1 spell: Apportation
 54262 | Vaults:5 | Learned a level 4 spell: Passage of Golubria
 54272 | Vaults:5 | Learned a level 9 spell: Shatter
 54575 | Lair:1   | Identified the +4 shield of Calculation {+Fly} (Okawaru
                  | gifted it to you on level 2 of the Abyss)
 54925 | Zot:1    | Entered Level 1 of the Realm of Zot
 55100 | Zot:1    | Received a gift from Okawaru
 55101 | Zot:1    | Got a smoking shortbow {god gift}
 55231 | Zot:1    | Identified the +9 shortbow of the Hummingbird {freeze,
                  | Str+2} (Okawaru gifted it to you on level 1 of the Realm of
                  | Zot)
 55232 | Zot:1    | Identified the +0 long sword "Ixephookk" {protect, rElec}
                  | (You found it on level 1 of the Realm of Zot)
 55667 | Zot:2    | Received a gift from Okawaru
 55680 | Zot:2    | Identified the +5 pearl dragon scales of Dedot {+Inv rElec
                  | rN+ Slay+2} (Okawaru gifted it to you on level 2 of the
                  | Realm of Zot)
 56628 | Zot:3    | Reached XP level 26. HP: 248/274 MP: 33/33
 59027 | Lair:1   | Identified the +1 longbow of Spores {flame, rElec} (Okawaru
                  | gifted it to you on level 4 of the Spider Nest)
 59028 | Lair:1   | Identified the +11 lajatang "Jik Mylo" {slice, Int+6} (You
                  | found it on level 1 of the Spider Nest)
 59374 | Zot:5    | Entered Level 5 of the Realm of Zot
 59882 | Zot:5    | Received a gift from Okawaru
 60198 | Zot:5    | Noticed an orb of fire
 60230 | Zot:5    | Killed an orb of fire
 60232 | Zot:5    | Noticed an orb of fire
 60232 | Zot:5    | Gained mutation: You are frail. (-10% HP) [an orb of fire]
 60251 | Zot:5    | Killed an orb of fire
 60260 | Zot:5    | Noticed an orb of fire
 60276 | Zot:5    | Gained mutation: Your body sometimes deteriorates upon
                  | taking damage. [an orb of fire]
 60283 | Zot:5    | Killed an orb of fire
 60290 | Zot:5    | Noticed an ancient lich
 60302 | Zot:5    | Killed an ancient lich
 60302 | Zot:5    | Reached skill level 15 in Shields
 60316 | Zot:5    | Reached skill level 2 in Earth Magic
 60319 | Zot:5    | Noticed an ancient lich
 60324 | Zot:5    | Killed an ancient lich
 60324 | Zot:5    | Reached skill level 3 in Earth Magic
 60331 | Zot:5    | Noticed an ancient lich
 60333 | Zot:5    | Killed an ancient lich
 60333 | Zot:5    | Reached skill level 4 in Earth Magic
 60338 | Zot:5    | Reached skill level 5 in Earth Magic
 60338 | Zot:5    | Reached XP level 27. HP: 163/253 MP: 35/35
 60456 | Zot:5    | Noticed an orb of fire
 60478 | Zot:5    | Noticed an ancient lich
 60484 | Zot:5    | Killed an ancient lich
 60484 | Zot:5    | Reached skill level 6 in Earth Magic
 60515 | Zot:5    | Noticed an ancient lich
 60523 | Zot:5    | Reached skill level 7 in Earth Magic
 60527 | Zot:5    | Killed an ancient lich
 60603 | Zot:5    | Received a gift from Okawaru
 60603 | Zot:5    | Reached skill level 5 in Transmutations
 60675 | Zot:5    | Noticed an orb of fire
 60682 | Zot:5    | Gained mutation: Armour fits poorly on your strangely
                  | shaped body. [an orb of fire]
 60686 | Zot:5    | Killed an orb of fire
 60686 | Zot:5    | Reached skill level 8 in Earth Magic
 60795 | Zot:5    | Received a gift from Okawaru
 60838 | Zot:5    | Reached skill level 9 in Earth Magic
 60880 | Zot:5    | Lost mutation: You have supernaturally acute eyesight.
                  | (SInv) [an orb of fire]
 60889 | Zot:5    | Killed an orb of fire
 60889 | Zot:5    | Received a gift from Okawaru
 60893 | Zot:5    | Noticed an ancient lich
 60902 | Zot:5    | Killed an ancient lich
 61057 | Zot:5    | Identified the +6 arbalest of the Whale {speed, rPois
                  | Int+3} (Okawaru gifted it to you on level 5 of the Realm of
                  | Zot)
 61813 | Slime:1  | Entered Level 1 of the Pits of Slime
 62126 | Slime:4  | Received a gift from Okawaru
 62176 | Slime:5  | Entered Level 5 of the Pits of Slime
 62234 | Slime:5  | Reached skill level 5 in Stealth
 62313 | Slime:5  | Reached skill level 10 in Earth Magic
 62607 | Slime:5  | Found a viscous altar of Jiyva.
 62629 | Slime:5  | Noticed the Royal Jelly
 62663 | Slime:5  | Killed the Royal Jelly
 62703 | Slime:5  | Got a slimy rune of Zot
 62750 | Slime:5  | Identified the Grimoire of Stones
 62765 | Slime:5  | Identified Sif Muna's Collected Works on Cloudy Good Luck
 62771 | Slime:5  | Identified the Tome of Warped Cold
 62842 | Slime:1  | Gained mutation: You are clumsy. (Dex -2) [a shining eye]
 63001 | Lair:1   | Lost mutation: Your body sometimes deteriorates upon taking
                  | damage. [potion of mutation]
 63001 | Lair:1   | Lost mutation: You are frail. (-10% HP) [potion of
                  | mutation]
 63001 | Lair:1   | Lost mutation: You are clumsy. (Dex -2) [potion of
                  | mutation]
 63001 | Lair:1   | Gained mutation: You are resistant to hostile enchantments.
                  | (MR+) [potion of mutation]
 63001 | Lair:1   | Gained mutation: You can translocate small distances at
                  | will. [potion of mutation]
 63001 | Lair:1   | Gained mutation: You have sharp toenails. [potion of
                  | mutation]
 63002 | Lair:1   | Lost mutation: You can translocate small distances at will.
                  | [potion of mutation]
 63002 | Lair:1   | Lost mutation: Armour fits poorly on your strangely shaped
                  | body. [potion of mutation]
 63002 | Lair:1   | Lost mutation: You have sharp toenails. [potion of
                  | mutation]
 63002 | Lair:1   | Gained mutation: You possess an exceptional clarity of
                  | mind. [potion of mutation]
 63002 | Lair:1   | Gained mutation: You passively map a small area around you.
                  | [potion of mutation]
 63002 | Lair:1   | Gained mutation: You passively map the area around you.
                  | [potion of mutation]
 63123 | Temple   | Fell from the grace of Okawaru
 63123 | Temple   | Became a worshipper of the Shining One
 63411 | Crypt:1  | Entered Level 1 of the Crypt
 63540 | Crypt:1  | Reached * piety under the Shining One
 63662 | Crypt:1  | Reached ** piety under the Shining One
 63675 | Crypt:1  | Noticed a greater mummy
 63688 | Crypt:1  | Killed a greater mummy
 63752 | Crypt:1  | Noticed Khufu
 63767 | Crypt:1  | Killed Khufu
 64441 | Crypt:1  | Reached *** piety under the Shining One
 64577 | Crypt:1  | Reached **** piety under the Shining One
 65022 | Crypt:2  | Reached ***** piety under the Shining One
 65089 | Crypt:2  | Noticed Jory
 65109 | Crypt:2  | Killed Jory
 65109 | Crypt:2  | Reached skill level 15 in Invocations
 65847 | Crypt:3  | Entered Level 3 of the Crypt
 66013 | Crypt:3  | Reached ****** piety under the Shining One
 66107 | Crypt:3  | Reached skill level 11 in Earth Magic
 66678 | Crypt:3  | Found a basalt altar of Yredelemnul.
 66735 | Crypt:3  | Noticed an ancient lich
 66741 | Crypt:3  | Reached skill level 12 in Earth Magic
 66750 | Crypt:3  | Killed an ancient lich
 66756 | Crypt:3  | Found the +9 sword of Zonguldrok {reap}
 67321 | Crypt:3  | Found a staircase to the Tomb.
 67690 | Hell     | Entered the Vestibule of Hell
 67690 | Hell     | Noticed Geryon
 67740 | Hell     | Reached skill level 13 in Earth Magic
 67877 | Hell     | Killed Geryon
 68077 | Hell     | Found a gateway to the Iron City of Dis.
 68154 | Hell     | Found a gateway to the ashen valley of Gehenna.
 68254 | Hell     | Found a gateway to the decaying netherworld of Tartarus.
 68346 | Hell     | Found a gateway to the freezing wastes of Cocytus.
 68906 | Vaults:4 | Bought a scroll of identify for 24 gold pieces
 68906 | Vaults:4 | Bought a scroll of identify for 24 gold pieces
 68906 | Vaults:4 | Bought a scroll of identify for 24 gold pieces
 68906 | Vaults:4 | Bought a scroll of magic mapping for 42 gold pieces
 68906 | Vaults:4 | Bought a scroll of enchant armour for 90 gold pieces
 68906 | Vaults:4 | Bought a scroll of enchant armour for 90 gold pieces
 68947 | Vaults:3 | Bought a scroll of magic mapping for 59 gold pieces
 68947 | Vaults:3 | Bought a scroll of enchant armour for 127 gold pieces
 68947 | Vaults:3 | Bought a scroll of identify for 34 gold pieces
 68947 | Vaults:3 | Bought a scroll of teleportation for 51 gold pieces
 68947 | Vaults:3 | Bought a scroll of identify for 34 gold pieces
 68947 | Vaults:3 | Bought a scroll of identify for 34 gold pieces
 68947 | Vaults:3 | Bought 2 scrolls of blinking for 255 gold pieces
 68947 | Vaults:3 | Bought a scroll of teleportation for 51 gold pieces
 69005 | Vaults:3 | Bought a scroll of identify for 36 gold pieces
 69005 | Vaults:3 | Bought a scroll of identify for 36 gold pieces
 69005 | Vaults:3 | Bought a scroll of enchant armour for 135 gold pieces
 69005 | Vaults:3 | Bought a scroll of identify for 36 gold pieces
 69005 | Vaults:3 | Bought a scroll of blinking for 135 gold pieces
 69005 | Vaults:3 | Bought a scroll of identify for 36 gold pieces
 69005 | Vaults:3 | Bought a scroll of fog for 36 gold pieces
 69124 | Vaults:3 | Bought a scroll of identify for 40 gold pieces
 69124 | Vaults:3 | Bought a scroll of silence for 150 gold pieces
 69124 | Vaults:3 | Bought a scroll of fog for 40 gold pieces
 69124 | Vaults:3 | Bought a scroll of identify for 40 gold pieces
 69124 | Vaults:3 | Bought a scroll of fog for 40 gold pieces
 69218 | Vaults:4 | Bought a scroll of magic mapping for 66 gold pieces
 69218 | Vaults:4 | Bought a scroll of enchant armour for 142 gold pieces
 69218 | Vaults:4 | Bought a scroll of identify for 38 gold pieces
 69218 | Vaults:4 | Bought a scroll of enchant armour for 142 gold pieces
 69218 | Vaults:4 | Bought a scroll of identify for 38 gold pieces
 69218 | Vaults:4 | Bought a scroll of teleportation for 57 gold pieces
 69218 | Vaults:4 | Bought a scroll of identify for 38 gold pieces
 69218 | Vaults:4 | Bought a scroll of teleportation for 57 gold pieces
 69544 | Depths:4 | Voluntarily entered the Abyss.
 69673 | Abyss:2  | Reached skill level 14 in Earth Magic
 70059 | Abyss:3  | Found a corrupted altar of Lugonu.
 70138 | Abyss:3  | Gained mutation: You are partially covered in rugged brown
                  | scales. (AC +1, +3% HP) [a neqoxec]
 70208 | Abyss:3  | Was forgiven by Okawaru
 70259 | Abyss:3  | Reached skill level 15 in Earth Magic
 70289 | Abyss:3  | Got an abyssal rune of Zot
 70357 | Depths:4 | Escaped the Abyss
 70430 | Geh:1    | Entered Level 1 of Gehenna
 70745 | Geh:2    | Reached skill level 16 in Earth Magic
 71094 | Geh:4    | You fall into a shaft and drop 2 floors!
 71120 | Geh:7    | Entered Level 7 of Gehenna
 71283 | Geh:7    | Gained mutation: Scrolls take you a little longer to read.
                  | [a cacodemon]
 71284 | Geh:7    | Gained mutation: You are dopey. (Int -2) [a cacodemon]
 71286 | Geh:7    | Reached skill level 17 in Earth Magic
 71498 | Geh:7    | Identified the +7 sceptre of Asmodeus
 71498 | Geh:7    | Noticed Asmodeus
 71520 | Geh:7    | Killed Asmodeus
 71568 | Geh:7    | Got an obsidian rune of Zot
 71734 | Coc:1    | Entered Level 1 of Cocytus
 71883 | Coc:4    | You fall into a shaft and drop 2 floors!
 71891 | Coc:7    | Entered Level 7 of Cocytus
 71940 | Coc:7    | // blurry vision...be careful !
 72066 | Coc:7    | Reached skill level 18 in Earth Magic
 72574 | Coc:7    | Noticed Antaeus
 72593 | Coc:7    | Killed Antaeus
 72738 | Coc:7    | Got an icy rune of Zot
 72896 | Tar:1    | Entered Level 1 of Tartarus
 72982 | Tar:1    | You fall into a shaft and drop 1 floor!
 73169 | Tar:4    | Reached skill level 19 in Earth Magic
 73343 | Tar:7    | Entered Level 7 of Tartarus
 73431 | Tar:7    | Noticed an ancient lich
 73431 | Tar:7    | Noticed an ancient lich
 73434 | Tar:7    | Noticed an ancient lich
 73440 | Tar:7    | Killed an ancient lich
 73442 | Tar:7    | Killed an ancient lich
 73548 | Tar:7    | Identified the Grimoire of Helpful Conjuration
 73561 | Tar:7    | Learned a level 5 spell: Aura of Abjuration
 73563 | Tar:7    | Learned a level 1 spell: Summon Butterflies
 73567 | Tar:7    | Learned a level 3 spell: Lesser Beckoning
 73638 | Tar:7    | Killed an ancient lich
 73638 | Tar:7    | Reached skill level 20 in Earth Magic
 73781 | Tar:7    | Identified Qoguufoz's Guide on Icy Flames
 74074 | Tar:7    | Identified the Volume of Infinity
 74176 | Tar:7    | Noticed Ereshkigal
 74187 | Tar:7    | Killed Ereshkigal
 74187 | Tar:7    | Reached skill level 21 in Earth Magic
 74251 | Tar:7    | Got a bone rune of Zot
 74414 | Dis:1    | Entered Level 1 of the Iron City of Dis
 74861 | Dis:5    | You fall into a shaft and drop 1 floor!
 75017 | Dis:6    | You fall into a shaft and drop 1 floor!
 75017 | Dis:7    | Entered Level 7 of the Iron City of Dis
 75080 | Dis:7    | Found the +10 morningstar "Eos" {elec, Halo rElec}
 75614 | Dis:7    | Reached skill level 10 in Spellcasting
 75945 | Dis:7    | Reached skill level 22 in Earth Magic
 76032 | Dis:7    | Identified the +4 staff of Dispater
 76032 | Dis:7    | Identified the ring "Arphugg" {Ice +Fly Int+2 Dex+2}
 76032 | Dis:7    | Noticed Dispater
 76049 | Dis:7    | Killed Dispater
 76090 | Dis:7    | Got an iron rune of Zot
 76289 | Pan      | Entered Pandemonium
 76743 | Pan      | Entered the realm of Gloorx Vloq.
 77034 | Pan      | Got a dark rune of Zot
 77039 | Pan      | Noticed Gloorx Vloq
 77046 | Pan      | Killed Gloorx Vloq
 77188 | Pan      | Found an exit through the horrors of the Abyss.
 77321 | Pan      | Gained mutation: You are frail. (-10% HP) [a neqoxec]
 77323 | Pan      | Gained mutation: You are very frail. (-20% HP) [a neqoxec]
 77324 | Pan      | Entered the realm of Cerebov.
 77676 | Pan      | Reached skill level 23 in Earth Magic
 77686 | Pan      | Identified the +1 robe of the New World {rCorr}
 77758 | Pan      | Identified the +10 morningstar of Wondrous Power {crush,
                  | MR+}
 77758 | Pan      | Identified the ring "Icomnul" {rF+ rC+ SInv}
 77891 | Pan      | Identified the +6 sword of Cerebov {flame}
 77891 | Pan      | Noticed Cerebov
 77903 | Pan      | Identified the +10 rapier of Charity {venom, rC- Dex+7
                  | Stlth+}
 77903 | Pan      | Identified the ring "Nifiesont" {*Corrode rN+ Int+6 SInv}
 77916 | Pan      | Killed Cerebov
 77954 | Pan      | Identified the Grimoire of Scorching Malediction
 77998 | Pan      | Got a fiery rune of Zot
 78030 | Pan      | Entered the realm of Mnoleg.
 78033 | Pan      | Reached skill level 10 in Stealth
 78034 | Pan      | Gained mutation: You occasionally shout uncontrollably at
                  | your foes. [a cacodemon]
 78169 | Pan      | Identified the +5 large shield of Byigemp {Stlth+}
 78216 | Pan      | Noticed Mnoleg
 78232 | Pan      | Killed Mnoleg
 78265 | Pan      | Got a glowing rune of Zot
 78383 | Pan      | Entered the realm of Lom Lobon.
 78995 | Pan      | Noticed Lom Lobon
 79008 | Pan      | Killed Lom Lobon
 79036 | Pan      | Got a magical rune of Zot
 79201 | Pan      | Found an exit through the horrors of the Abyss.
 79255 | Pan      | Reached skill level 24 in Earth Magic
 79403 | Pan      | Found an exit through the horrors of the Abyss.
 79513 | Pan      | Found an exit through the horrors of the Abyss.
 79538 | Pan      | Noticed Ishiys Uwai the pandemonium lord
 79547 | Pan      | Killed Ishiys Uwai the pandemonium lord
 79688 | Pan      | Identified the Handbook of the Entourage and Earth
 79715 | Pan      | Gained mutation: You are clumsy. (Dex -2) [a neqoxec]
 79910 | Pan      | Found an exit through the horrors of the Abyss.
 80013 | Pan      | Noticed Roxt the pandemonium lord
 80022 | Pan      | Killed Roxt the pandemonium lord
 80157 | Pan      | Noticed Sowof the pandemonium lord
 80168 | Pan      | Killed Sowof the pandemonium lord
 80230 | Pan      | Reached skill level 25 in Earth Magic
 80256 | Pan      | Noticed Nuarenun the pandemonium lord
 80285 | Pan      | Killed Nuarenun the pandemonium lord
 80565 | Pan      | Found an exit through the horrors of the Abyss.
 80970 | Pan      | Found an exit through the horrors of the Abyss.
 81012 | Pan      | Lost mutation: You possess an exceptional clarity of mind.
                  | [miscasting Statue Form]
 81017 | Pan      | Reached skill level 26 in Earth Magic
 81369 | Pan      | Noticed Xoumn the pandemonium lord
 81375 | Pan      | Killed Xoumn the pandemonium lord
 81882 | Pan      | Found an exit through the horrors of the Abyss.
 82020 | Pan      | Noticed Pawkitze the pandemonium lord
 82027 | Pan      | Killed Pawkitze the pandemonium lord
 82193 | Pan      | Noticed Gamat the pandemonium lord
 82208 | Pan      | Killed Gamat the pandemonium lord
 82274 | Pan      | Got a demonic rune of Zot
 82468 | Depths:3 | Escaped Pandemonium
 82511 | Hell     | Lost mutation: You are very frail. (-20% HP) [potion of
                  | mutation]
 82511 | Hell     | Lost mutation: Scrolls take you a little longer to read.
                  | [potion of mutation]
 82511 | Hell     | Lost mutation: You are clumsy. (Dex -2) [potion of
                  | mutation]
 82511 | Hell     | Lost mutation: You are frail. (-10% HP) [potion of
                  | mutation]
 82511 | Hell     | Gained mutation: You are agile. (Dex +2) [potion of
                  | mutation]
 82512 | Hell     | Lost mutation: You are agile. (Dex +2) [potion of mutation]
 82512 | Hell     | Lost mutation: You are dopey. (Int -2) [potion of mutation]
 82512 | Hell     | Lost mutation: You occasionally shout uncontrollably at
                  | your foes. [potion of mutation]
 82512 | Hell     | Gained mutation: Your magical capacity is low. (-10% MP)
                  | [potion of mutation]
 82512 | Hell     | Gained mutation: You possess an exceptional clarity of
                  | mind. [potion of mutation]
 82513 | Hell     | Lost mutation: You possess an exceptional clarity of mind.
                  | [potion of mutation]
 82513 | Hell     | Lost mutation: You are resistant to hostile enchantments.
                  | (MR+) [potion of mutation]
 82513 | Hell     | Lost mutation: Your magical capacity is low. (-10% MP)
                  | [potion of mutation]
 82513 | Hell     | Lost mutation: You passively map the area around you.
                  | [potion of mutation]
 82513 | Hell     | Gained mutation: You are dopey. (Int -2) [potion of
                  | mutation]
 82513 | Hell     | Gained mutation: You have a somewhat thin skeletal
                  | structure. (Dex +2, Stealth) [potion of mutation]
 82514 | Hell     | Lost mutation: You are dopey. (Int -2) [potion of mutation]
 82514 | Hell     | Lost mutation: You passively map a small area around you.
                  | [potion of mutation]
 82514 | Hell     | Lost mutation: You have a somewhat thin skeletal structure.
                  | (Dex +2, Stealth) [potion of mutation]
 82514 | Hell     | Lost mutation: You are partially covered in rugged brown
                  | scales. (AC +1, +3% HP) [potion of mutation]
 82514 | Hell     | Gained mutation: Your body sometimes deteriorates upon
                  | taking damage. [potion of mutation]
 82514 | Hell     | Gained mutation: Your magical capacity is low. (-10% MP)
                  | [potion of mutation]
 82514 | Hell     | Gained mutation: Your flesh is heat resistant. (rF+)
                  | [potion of mutation]
 82515 | Hell     | Lost mutation: Your body sometimes deteriorates upon taking
                  | damage. [potion of mutation]
 82515 | Hell     | Lost mutation: Your flesh is heat resistant. (rF+) [potion
                  | of mutation]
 82515 | Hell     | Lost mutation: Your magical capacity is low. (-10% MP)
                  | [potion of mutation]
 82515 | Hell     | Gained mutation: You are partially covered in yellow
                  | scales. (AC +2) [potion of mutation]
 82515 | Hell     | Gained mutation: Your muscles are strong. (Str +2) [potion
                  | of mutation]
 82925 | Tomb:1   | Entered Level 1 of the Tomb of the Ancients
 83235 | Tomb:1   | Noticed a greater mummy
 83245 | Tomb:1   | Killed a greater mummy
 83603 | Tomb:1   | Noticed a greater mummy
 83603 | Tomb:1   | Noticed a greater mummy
 83620 | Tomb:1   | Killed a greater mummy
 83624 | Tomb:1   | Killed a greater mummy
 83624 | Tomb:1   | Reached skill level 27 in Earth Magic
 83630 | Tomb:1   | Noticed a greater mummy
 83632 | Tomb:1   | Killed a greater mummy
 83635 | Tomb:1   | Noticed a greater mummy
 83639 | Tomb:1   | Killed a greater mummy
 83645 | Tomb:1   | Noticed a greater mummy
 83649 | Tomb:1   | Killed a greater mummy
 83882 | Tomb:1   | Noticed a greater mummy
 83897 | Tomb:1   | Killed a greater mummy
 83902 | Tomb:1   | Noticed a greater mummy
 83910 | Tomb:1   | Killed a greater mummy
 83926 | Tomb:1   | Noticed a greater mummy
 83928 | Tomb:1   | Noticed a greater mummy
 83933 | Tomb:1   | Killed a greater mummy
 83936 | Tomb:1   | Noticed a greater mummy
 83940 | Tomb:1   | Killed a greater mummy
 83941 | Tomb:1   | Noticed a greater mummy
 83944 | Tomb:1   | Gained mutation: Armour fits poorly on your strangely
                  | shaped body. [the power of Zot]
 83946 | Tomb:1   | Killed a greater mummy
 83954 | Tomb:1   | Killed a greater mummy
 83959 | Tomb:1   | Noticed a greater mummy
 83967 | Tomb:1   | Killed a greater mummy
 83970 | Tomb:1   | Noticed a greater mummy
 83975 | Tomb:1   | Killed a greater mummy
 84089 | Tomb:1   | Noticed a greater mummy
 84104 | Tomb:1   | Killed a greater mummy
 84106 | Tomb:1   | Noticed a greater mummy
 84109 | Tomb:1   | Killed a greater mummy
 84116 | Tomb:1   | Noticed a greater mummy
 84130 | Tomb:1   | Killed a greater mummy
 84136 | Tomb:1   | Noticed a greater mummy
 84144 | Tomb:1   | Killed a greater mummy
 84144 | Tomb:1   | Noticed a greater mummy
 84157 | Tomb:1   | Killed a greater mummy
 84204 | Tomb:1   | Noticed a greater mummy
 84212 | Tomb:1   | Killed a greater mummy
 84215 | Tomb:1   | Noticed a greater mummy
 84223 | Tomb:1   | Killed a greater mummy
 84250 | Tomb:1   | Noticed a greater mummy
 84257 | Tomb:1   | Killed a greater mummy
 84276 | Tomb:1   | Noticed a greater mummy
 84283 | Tomb:1   | Killed a greater mummy
 84284 | Tomb:1   | Noticed a greater mummy
 84288 | Tomb:1   | Killed a greater mummy
 84316 | Tomb:1   | Noticed a greater mummy
 84325 | Tomb:1   | Killed a greater mummy
 84679 | Tomb:2   | // int 11
 84686 | Tomb:3   | Entered Level 3 of the Tomb of the Ancients
 84695 | Tomb:3   | Noticed a greater mummy
 84695 | Tomb:3   | Noticed a greater mummy
 84698 | Tomb:3   | Noticed a greater mummy
 84699 | Tomb:3   | Killed a greater mummy
 84700 | Tomb:3   | Noticed a greater mummy
 84701 | Tomb:3   | Killed a greater mummy
 84703 | Tomb:3   | Killed a greater mummy
 84706 | Tomb:3   | Killed a greater mummy
 84706 | Tomb:3   | Noticed a greater mummy
 84708 | Tomb:3   | Noticed a greater mummy
 84715 | Tomb:3   | Killed a greater mummy
 84715 | Tomb:3   | Killed a greater mummy
 84715 | Tomb:3   | Noticed a greater mummy
 84716 | Tomb:3   | Noticed a greater mummy
 84720 | Tomb:3   | Noticed a greater mummy
 84722 | Tomb:3   | Killed a greater mummy
 84722 | Tomb:3   | Killed a greater mummy
 84731 | Tomb:3   | Killed a greater mummy
 84787 | Tomb:3   | Got a golden rune of Zot
 84876 | Tomb:3   | Identified the Catalogue of Clay
 84885 | Tomb:3   | Got a brightly glowing silver amulet
 84911 | Tomb:3   | Identified the amulet of Latat {Harm *Drain rElec MR+} (You
                  | found it on level 3 of the Tomb of the Ancients)
 85294 | Hell     | Lost mutation: Armour fits poorly on your strangely shaped
                  | body. [potion of mutation]
 85294 | Hell     | Lost mutation: Your muscles are strong. (Str +2) [potion of
                  | mutation]
 85294 | Hell     | Gained mutation: You are frail. (-10% HP) [potion of
                  | mutation]
 85294 | Hell     | Gained mutation: You are resistant to hostile enchantments.
                  | (MR+) [potion of mutation]
 85294 | Hell     | Gained mutation: You have an increased reservoir of magic.
                  | (+10% MP) [potion of mutation]
 85294 | Hell     | Gained mutation: You are covered in thick fur. (AC +2)
                  | [potion of mutation]
 85613 | Zot:5    | Got the Orb of Zot
 85878 | D:15     | Noticed Jeiluov the pandemonium lord
 86013 | D:8      | Noticed Xifaoh the pandemonium lord
 86155 | D:$      | Escaped with the Orb!

Levels and vault maps discovered:
D:1:      eino_arrival_cavern_c, layout_loops_ring, minmay_pentomino_r4
D:2:      layout_basic
D:3:      layout_loops_ring, okawaru_gym_becter, grunt_temple_overflow_open
D:4:      layout_gridville, kennysheep_mini_moat,
          grunt_temple_overflow_champion_of_chaos, serial_shops, shop, shop,
          nicolae_shop_window_shopping, shop, first_ration, gup_sewer_entry_pipe
D:5:      layout_basic, kennysheep_little_box, overflow_temple_1_default,
          basic_altar, lemuel_another_geyser
D:6:      layout_loops_ring
D:7:      layout_gridville, minmay_temple_entry_poolview, grunt_livestock,
          tgw_trog, uniq_crazy_yiuf_cottage
D:8:      layout_rooms, fiery_altar_vehumet, uniq_psyche
D:9:      layout_cross, lemuel_mausoleum_altar_yredelemnul, marbit_many_paths,
          grunt_dithmenos_smoke_and_mirrors, orc_0_dummy, serial_shops,
          shop_statue, serial_column_ruins, column_ruins_grid_3,
          column_ruins_open_small, column_ruins_open_tiny,
          column_ruins_corridor_straight, column_ruins_corridor_dead_end,
          column_ruins_grid_1
D:10:     layout_stronghold, david_lair_generic
D:11:     layout_cave_pods
D:12:     layout_roguey, gammafunk_ghost_nasty_kobolds, serial_shops,
          nicolae_shop_waterfront, shop, nicolae_shop_stone,
          nicolae_shop_waterfront, shop
D:13:     layout_layer_cave, jiyva_altar_1
D:14:     layout_basic, hangedman_vaults_entry_quadrant_bands, serial_shops,
          nicolae_shop_overgrown_old_shop, minmay_misc_feat_encased,
          uniq_jorgrun
D:15:     grunt_enter_depths_giant_problem, layout_gridville, moated_statue,
          minmay_checkerbox, uniq_rupert, uniq_kirke
Temple:   kb_temple_of_zot
Lair:1:   layout_big_grid, st_stairs_10, serial_bayou_shore_a,
          grunt_megastairs_2, uniq_grum
Lair:2:   layout_small_grid, minmay_shoals_entry_hut, serial_bayou_shore_b,
          grunt_megastairs_4
Lair:3:   layout_gridlike, spider_nest_entry_web_field,
          cheibrodos_lair_reptile_den
Lair:4:   layout_roguey, basic_altar
Lair:5:   layout_cave_pods, dpeg_slime_entry_corner, gauntlet_entry_generic,
          serial_bayou_shore_b, lemuel_fruit_fields, lemuel_fruit_tree
Lair:6:   grunt_lair_end_beastmaster, layout_gridlike, minivault_26,
          grunt_megastairs_5, lemuel_fruit_fields, uniq_josephine, uniq_sonja
Shoals:1: layout_shoals, centaur_isle
Shoals:2: layout_shoals, kb_tengu_band
Shoals:3: layout_shoals
Shoals:4: shoals_end_grunt_ice, layout_shoals
Spider:1: layout_chambers, gammafunk_ghost_split, drop_trap
Spider:2: nicolae_spider_hall_of_the_moth_king
Spider:3: layout_spider_delve, drop_trap, nicolae_spider_ant_collections
Spider:4: grunt_spider_rune_circles
Slime:1:  layout_caves
Slime:2:  layout_caves
Slime:3:  layout_caves
Slime:4:  layout_caves
Slime:5
Orc:1:    layout_diamond_mine, basic_altar, minmay_orc_treasury
Orc:2:    st_orc_mages, layout_caves, serial_shops, shop
Elf:1:    eino_elf_arrival_sip, layout_geoelf_diagonals, minmay_elf_demonology,
          uniq_agnes
Elf:2:    layout_geoelf_diagonals, basic_altar, minivault_16
Elf:3:    grunt_elf_hall_spiral, layout_onion_city, serial_shops, shop
Vaults:1: nicolae_vaults_diagonal_hallway_7, v_alt_pattern_6,
          nicolae_vaults_halls_meeting, ontoclasm_vaults_spin,
          vaults_dpeg_encased_lava, grunt_vaults_diagonal,
          nicolae_vaults_yaktaur_gun_rack, nicolae_vaults_theta,
          nicolae_vaults_alarming, layout_vaults_omnigrid, serial_shops,
          nicolae_shop_crystal
Vaults:2: nicolae_vaults_disjoint_gnomons, v_rooms_3, vaults_room_grid,
          nicolae_vaults_shelves_hall, nicolae_vaults_network_quincunx
          [nicolae_vaults_network_quincunx_subvault,
          nicolae_vaults_network_quincunx_subvault,
          nicolae_vaults_network_quincunx_subvault,
          nicolae_vaults_network_quincunx_subvault,
          nicolae_vaults_network_quincunx_subvault],
          nicolae_vaults_angled_halls, nicolae_vaults_mini_display_case,
          layout_vaults_chaotic_city, minmay_crypt_entry_simple_box
Vaults:3: gammafunk_vaults_ghost_tricky_traps, dpeg_vaults_monster_box,
          vaults_room_boxed, hangedman_vaults_hat, v_alt_pattern_6,
          v_alt_pattern_5, ontoclasm_vaults_echo, vaults_dpeg_ring,
          v_alt_pattern_1, nicolae_vaults_little_squares_1,
          layout_vaults_omnicross, serial_shops, shop, shop, shop_scrolls,
          nicolae_shop_waterfront, uniq_nikola
Vaults:4: ebering_vaults_ghost_gozag, nicolae_vaults_angled_halls,
          nicolae_vaults_circle_grid_b, vaults_room_ringed_pool,
          hangedman_vaults_nodes, nicolae_vaults_stairing_the_circle,
          vaults_mumra_chevron, hangedman_vaults_stagger, v_misc_26,
          v_alt_pattern_6, v_rooms_5, ontoclasm_vaults_misaligned, serial_ice_m,
          hangedman_vaults_corner_blocks, layout_vaults_maze_bifur,
          serial_shops, shop, shop_scrolls, shop,
          nicolae_shop_overgrown_old_shop, nicolae_shop_stone, uniq_saint_roka
Vaults:5
Crypt:1:  ragdoll_tomb_raider, layout_misc_corridors
Crypt:2:  layout_catacombs, uniq_jory
Crypt:3:  church_of_pain_bobbens, layout_chaotic_city,
          nicolae_tomb_entry_grand_gallery
Tomb:1
Tomb:2:   uniq_boris, uniq_frederick
Tomb:3
Depths:1: layout_cave_pools, enter_ziggurat_a, grunt_metal_band, serial_shops,
          shop, hangedman_abyss_or_decor_passed, grunt_ministairs_14,
          lemuel_statue_altar, serial_bayou_shore_b, uniq_bai_suzhen
Depths:2: minmay_shrinking_squares, layout_gridville, pf_hell_entry_tar_spiral,
          enter_trove_2, tso_metal_star, infiniplex_staircase_zigzag_1
Depths:3: kennysheep_ambush_hall, layout_basic, grunt_hell_entry_dis_mu,
          pan_entry, minmay_misc_feat_iff, kennysheep_crisscross,
          wad_rectangle_vault, serial_bayou_shore_b,
          infiniplex_staircase_pool_2, uniq_mennas
Depths:4: minmay_guarded_unrand_guard, layout_cave_pools,
          abyss_entry_small_statue_room, pf_coc_iceberg, minmay_crystal_water,
          kennysheep_small_spiral, minmay_shop_grove,
          infiniplex_staircase_hallway_doors, uniq_mara
Depths:5: grunt_zot_entry_bicorn, layout_basic, abandoned_shop, hell_entry,
          abyss_entry, serial_shops, bzr_entry_dummy, minmay_shoptagon
Hell
Dis:1:    kennysheep_iron_temple, layout_jigsaw
Dis:2:    layout_subdivisions
Dis:3:    layout_gridville
Dis:4:    layout_gridville
Dis:5:    layout_chaotic_city, nrook_loot_triangle
Dis:6:    layout_gridville
Dis:7:    dis_hangedman
Geh:1:    layout_gehenna_lava_caves
Geh:2:    layout_gehenna_lava_caves, hangedman_elemental_grid_stream
Geh:3:    layout_gehenna_lava_caves
Geh:4:    layout_gehenna_pools_triple
Geh:6:    layout_gehenna_lava_caves
Geh:7:    geh_hangedman
Coc:1:    grunt_deathspiral_small, layout_ice_bergs
Coc:2:    layout_cocytus_water_paths
Coc:3:    layout_ice_bergs
Coc:4:    layout_cocytus_water_paths
Coc:6:    layout_ice_bergs
Coc:7:    coc_grunt_cove [coc_grunt_cove_antaeus, coc_grunt_cove_fiend,
          coc_grunt_cove_fiend, coc_grunt_cove_fiend, coc_grunt_cove_fiend]
Tar:1:    layout_honeycomb
Tar:2:    layout_grid_maze
Tar:3:    layout_honeycomb, nicolae_tar_cuneiform_oil
Tar:4:    layout_honeycomb, door_vault, grunt_megastairs_3
Tar:5:    layout_grid_maze
Tar:6:    layout_catacombs
Tar:7:    tar_old
Zot:1:    layout_misc_corridors
Zot:2:    layout_basic
Zot:3:    layout_onion_interference
Zot:4:    layout_concentric_octagons
Zot:5:    layout_basic

Skill      XL: |  1  2  3  4  5  6  7  8  9 10 11 12 13 14 15 16 17 18 19 20 21 22 23 24 25 26 27 |
---------------+----------------------------------------------------------------------------------+-----
Fighting       | 1 2 3 4 6 7 8 9 10 11 12 14 15 16 18 22 | 22.2
Unarmed Combat | 4 5 6 7 8 10 11 12 13 14 15 16 17 19 20 22 26 | 26.4
Stealth        | 1 10 | 10.0
Throwing       | 1 2 3 4 6 8 9 10 11 13 14 15 | 15.0
Invocations    | 1 2 3 5 7 8 10 18 | 18.0
Evocations     | 1 2 3 4 5 6 9 10 | 10.0
Transmutations | 2 3 4 6 |  6.0
Spellcasting   | 2 5 7 9 14 | 14.8
Armour         | 1 2 3 4 8 10 11 | 11.0
Dodging        | 2 3 4 7 9 10 | 10.0
Shields        | 7 9 10 11 15 | 15.0
Summonings     | 2 6 9 |  9.0
Translocations | 2 6 8 |  8.0
Air Magic      | 1 3 |  3.0
Earth Magic    | 5 27 | 27.0

Action                   |  1- 3 |  4- 6 |  7- 9 | 10-12 | 13-15 | 16-18 | 19-21 | 22-24 | 25-27 || total
-------------------------+-------+-------+-------+-------+-------+-------+-------+-------+-------++-------
Melee: Unarmed           |    81 |   190 |   288 |   540 |   946 |  1853 |  1417 |   817 |  5456 || 11588
       Punch             |     3 |     3 |    12 |    25 |    20 |       |       |       |     1 ||    64
       Kick              |       |     7 |     3 |    32 |    15 |       |       |       |       ||    57
       Headbutt          |       |     2 |    12 |    31 |    28 |       |       |       |       ||    73
       Flail             |       |       |       |       |       |     2 |    62 |     9 |       ||    73
Throw: Stone             |     1 |     2 |     6 |       |       |       |       |       |       ||     9
       Dart              |       |     5 |    62 |   118 |    17 |   127 |    15 |       |       ||   344
       Boomerang         |       |       |       |    70 |   168 |   243 |    96 |    13 |   353 ||   943
       Javelin           |       |       |       |    32 |    77 |    31 |   143 |   282 |   149 ||   714
       Large rock        |       |       |       |    29 |    91 |     9 |   163 |   207 |   163 ||   662
       Throwing net      |       |       |       |       |       |       |       |       |     6 ||     6
 Cast: Beastly Appendage |     4 |    19 |    16 |    60 |    30 |       |       |       |       ||   129
       Sticks to Snakes  |       |       |       |     1 |       |       |       |       |       ||     1
       Blink             |       |       |       |       |       |       |       |     1 |    24 ||    25
       Apportation       |       |       |       |       |       |       |       |       |    59 ||    59
       Statue Form       |       |       |       |       |       |       |       |       |    64 ||    64
       Passwall          |       |       |       |       |       |       |       |       |    28 ||    28
       Shatter           |       |       |       |       |       |       |       |       |    21 ||    21
       Summon Lightning  |       |       |       |       |       |       |       |       |    19 ||    19
       Aura of Abjuratio |       |       |       |       |       |       |       |       |    18 ||    18
       Portal Projectile |       |       |       |       |       |       |       |       |    14 ||    14
       Passage of Golubr |       |       |       |       |       |       |       |       |     6 ||     6
       Summon Butterflie |       |       |       |       |       |       |       |       |     1 ||     1
       Lesser Beckoning  |       |       |       |       |       |       |       |       |     1 ||     1
Invok: Heroism           |       |       |     6 |    25 |    42 |    35 |    34 |    31 |    37 ||   210
       Finesse           |       |       |       |       |     4 |     4 |     5 |     6 |     4 ||    23
       Cleansing Flame   |       |       |       |       |       |       |       |       |   195 ||   195
       Summon Divine War |       |       |       |       |       |       |       |       |    34 ||    34
       Divine Shield     |       |       |       |       |       |       |       |       |     5 ||     5
 Abil: Evoke Invisibilit |       |       |       |       |     2 |    19 |     4 |     5 |     7 ||    37
       End Transformatio |       |       |       |       |       |       |       |       |     6 ||     6
Evoke: Wand              |       |       |       |     5 |    15 |    53 |    10 |    23 |    25 ||   131
       Lamp of fire      |       |       |       |       |     3 |     3 |     1 |     7 |     2 ||    16
       Box of beasts     |       |       |       |       |       |       |     1 |       |       ||     1
       Sack of spiders   |       |       |       |       |       |       |       |       |     5 ||     5
  Use: Scroll            |     3 |     5 |     4 |     9 |    27 |    10 |    11 |    12 |    41 ||   122
       Potion            |       |       |       |       |    13 |     2 |       |     3 |    54 ||    72
 Stab: Sleeping          |     1 |       |     2 |     2 |       |       |       |       |       ||     5
       Confused          |       |       |       |       |     1 |       |       |       |       ||     1
       Invisible         |       |       |       |       |       |    65 |     9 |     2 |    22 ||    98
       Paralysed         |       |       |       |       |       |     8 |       |       |       ||     8
       Held in net/web   |       |       |       |       |       |     2 |       |       |       ||     2
  Eat: Chunk             |    15 |    15 |    33 |    56 |    95 |    97 |    78 |    82 |    73 ||   544
       Ration            |       |       |       |     1 |     3 |     2 |     3 |     3 |    92 ||   104
Armor: Robe              |    35 |    64 |    87 |   231 |   118 |       |       |       |       ||   535
       Skin              |       |       |       |       |     2 |       |       |       |   379 ||   381
       Gold dragon scale |       |       |       |       |   138 |   705 |   263 |   150 |       ||  1256
       Storm dragon scal |       |       |       |       |       |       |       |    40 |    40 ||    80
       Pearl dragon scal |       |       |       |       |       |       |       |       |   735 ||   735
Dodge: Dodged            |    38 |    68 |    78 |   267 |   200 |   203 |   109 |    99 |   997 ||  2059
Block: Shield            |       |       |       |       |   534 |   892 |       |       |       ||  1426
       Reflection        |       |       |       |       |    54 |   169 |   175 |    68 |   156 ||   622
       Large shield      |       |       |       |       |       |  1077 |  1377 |   972 |  5578 ||  9004
       Other             |       |       |       |       |       |       |       |       |     2 ||     2
